Workbook
Name Segment_EQUIPE: #N/A
Name Segment_NOM2: #N/A
Name Segment_NOM21: #N/A

Sheet FEUILLE RECAP
A1: Equipe : | B1: 7
E4: Nom Equipe : | G4: =_xlfn.XLOOKUP(B1,NotesEQ[N°],NotesEQ[EQUIPE]) -> SYSTÈME SUN
E6: Nom | F6: Prénom | G6: Assiduité - participation - Profil entrepreneurial | K6: ABSENCE
A7: 1 | E7: =IF(ISNA(_xlfn.XLOOKUP(_xlfn.CONCAT($B$1," - ",$A7),NotesIndiv[N° perso],NotesIndiv[NOM])),"",_xlfn.XLOOKUP(_xlfn.CONCAT($B$1," - ",$A7),NotesIndiv[N° perso],NotesIndiv[NOM])) -> BEZ. | F7: =IF(ISNA(_xlfn.XLOOKUP(_xlfn.CONCAT($B$1," - ",$A7),NotesIndiv[N° perso],NotesIndiv[Prénom])),"",_xlfn.XLOOKUP(_xlfn.CONCAT($B$1," - ",$A7),NotesIndiv[N° perso],NotesIndiv[Prénom])) -> Louis | G7: =IF(ISNA(_xlfn.XLOOKUP(_xlfn.CONCAT($B$1," - ",$A7),NotesIndiv[N° perso],NotesIndiv[note])),"",ROUND(_xlfn.XLOOKUP(_xlfn.CONCAT($B$1," - ",$A7),NotesIndiv[N° perso],NotesIndiv[note]),2)&"/20") -> 14,5/20 | K7: =IF(ISNA(_xlfn.XLOOKUP(_xlfn.CONCAT($B$1," - ",$A7),NotesIndiv[N° perso],NotesIndiv[Abs])),"",_xlfn.XLOOKUP(_xlfn.CONCAT($B$1," - ",$A7),NotesIndiv[N° perso],NotesIndiv[Abs])&"H") -> 3,5H | AE7: =IF(ISNA(_xlfn.XLOOKUP(_xlfn.CONCAT('FEUILLE RECAP'!$B$1," - ",'FEUILLE RECAP'!$A7),NotesIndiv[N° perso],NotesIndiv[TOTAL])),"",_xlfn.XLOOKUP(_xlfn.CONCAT('FEUILLE RECAP'!$B$1," - ",'FEUILLE RECAP'!$A7),NotesIndiv[N° perso],NotesIndiv[TOTAL])) -> 0.725 | AF7: =IF(ISNA(_xlfn.XLOOKUP(_xlfn.CONCAT('FEUILLE RECAP'!$B$1," - ",'FEUILLE RECAP'!$A7),NotesIndiv[N° perso],NotesIndiv[TOTAL])),"",_xlfn.XLOOKUP(_xlfn.CONCAT('FEUILLE RECAP'!$B$1," - ",'FEUILLE RECAP'!$A7),NotesIndiv[N° perso],NotesIndiv[Reste])) -> 0.275
A8: 2 | E8: =IF(ISNA(_xlfn.XLOOKUP(_xlfn.CONCAT($B$1," - ",$A8),NotesIndiv[N° perso],NotesIndiv[NOM])),"",_xlfn.XLOOKUP(_xlfn.CONCAT($B$1," - ",$A8),NotesIndiv[N° perso],NotesIndiv[NOM])) -> CHA. | F8: =IF(ISNA(_xlfn.XLOOKUP(_xlfn.CONCAT($B$1," - ",$A8),NotesIndiv[N° perso],NotesIndiv[Prénom])),"",_xlfn.XLOOKUP(_xlfn.CONCAT($B$1," - ",$A8),NotesIndiv[N° perso],NotesIndiv[Prénom])) -> Margot | G8: =IF(ISNA(_xlfn.XLOOKUP(_xlfn.CONCAT($B$1," - ",$A8),NotesIndiv[N° perso],NotesIndiv[note])),"",ROUND(_xlfn.XLOOKUP(_xlfn.CONCAT($B$1," - ",$A8),NotesIndiv[N° perso],NotesIndiv[note]),2)&"/20") -> 16/20 | K8: =IF(ISNA(_xlfn.XLOOKUP(_xlfn.CONCAT($B$1," - ",$A8),NotesIndiv[N° perso],NotesIndiv[Prénom])),"",_xlfn.XLOOKUP(_xlfn.CONCAT($B$1," - ",$A8),NotesIndiv[N° perso],NotesIndiv[Abs])&"H") -> H | AE8: =IF(ISNA(_xlfn.XLOOKUP(_xlfn.CONCAT('FEUILLE RECAP'!$B$1," - ",'FEUILLE RECAP'!$A8),NotesIndiv[N° perso],NotesIndiv[TOTAL])),"",_xlfn.XLOOKUP(_xlfn.CONCAT('FEUILLE RECAP'!$B$1," - ",'FEUILLE RECAP'!$A8),NotesIndiv[N° perso],NotesIndiv[TOTAL])) -> 0.8 | AF8: =IF(ISNA(_xlfn.XLOOKUP(_xlfn.CONCAT('FEUILLE RECAP'!$B$1," - ",'FEUILLE RECAP'!$A8),NotesIndiv[N° perso],NotesIndiv[TOTAL])),"",_xlfn.XLOOKUP(_xlfn.CONCAT('FEUILLE RECAP'!$B$1," - ",'FEUILLE RECAP'!$A8),NotesIndiv[N° perso],NotesIndiv[Reste])) -> 0.2
A9: 3 | E9: =IF(ISNA(_xlfn.XLOOKUP(_xlfn.CONCAT($B$1," - ",$A9),NotesIndiv[N° perso],NotesIndiv[NOM])),"",_xlfn.XLOOKUP(_xlfn.CONCAT($B$1," - ",$A9),NotesIndiv[N° perso],NotesIndiv[NOM])) -> M’B. | F9: =IF(ISNA(_xlfn.XLOOKUP(_xlfn.CONCAT($B$1," - ",$A9),NotesIndiv[N° perso],NotesIndiv[Prénom])),"",_xlfn.XLOOKUP(_xlfn.CONCAT($B$1," - ",$A9),NotesIndiv[N° perso],NotesIndiv[Prénom])) -> Aissata Hawa | G9: =IF(ISNA(_xlfn.XLOOKUP(_xlfn.CONCAT($B$1," - ",$A9),NotesIndiv[N° perso],NotesIndiv[note])),"",ROUND(_xlfn.XLOOKUP(_xlfn.CONCAT($B$1," - ",$A9),NotesIndiv[N° perso],NotesIndiv[note]),2)&"/20") -> 12/20 | K9: =IF(ISNA(_xlfn.XLOOKUP(_xlfn.CONCAT($B$1," - ",$A9),NotesIndiv[N° perso],NotesIndiv[Prénom])),"",_xlfn.XLOOKUP(_xlfn.CONCAT($B$1," - ",$A9),NotesIndiv[N° perso],NotesIndiv[Abs])&"H") -> 14H | AE9: =IF(ISNA(_xlfn.XLOOKUP(_xlfn.CONCAT('FEUILLE RECAP'!$B$1," - ",'FEUILLE RECAP'!$A9),NotesIndiv[N° perso],NotesIndiv[TOTAL])),"",_xlfn.XLOOKUP(_xlfn.CONCAT('FEUILLE RECAP'!$B$1," - ",'FEUILLE RECAP'!$A9),NotesIndiv[N° perso],NotesIndiv[TOTAL])) -> 0.6 | AF9: =IF(ISNA(_xlfn.XLOOKUP(_xlfn.CONCAT('FEUILLE RECAP'!$B$1," - ",'FEUILLE RECAP'!$A9),NotesIndiv[N° perso],NotesIndiv[TOTAL])),"",_xlfn.XLOOKUP(_xlfn.CONCAT('FEUILLE RECAP'!$B$1," - ",'FEUILLE RECAP'!$A9),NotesIndiv[N° perso],NotesIndiv[Reste])) -> 0.4
A10: 4 | E10: =IF(ISNA(_xlfn.XLOOKUP(_xlfn.CONCAT($B$1," - ",$A10),NotesIndiv[N° perso],NotesIndiv[NOM])),"",_xlfn.XLOOKUP(_xlfn.CONCAT($B$1," - ",$A10),NotesIndiv[N° perso],NotesIndiv[NOM])) -> MAD. | F10: =IF(ISNA(_xlfn.XLOOKUP(_xlfn.CONCAT($B$1," - ",$A10),NotesIndiv[N° perso],NotesIndiv[Prénom])),"",_xlfn.XLOOKUP(_xlfn.CONCAT($B$1," - ",$A10),NotesIndiv[N° perso],NotesIndiv[Prénom])) -> Coraelle | G10: =IF(ISNA(_xlfn.XLOOKUP(_xlfn.CONCAT($B$1," - ",$A10),NotesIndiv[N° perso],NotesIndiv[note])),"",ROUND(_xlfn.XLOOKUP(_xlfn.CONCAT($B$1," - ",$A10),NotesIndiv[N° perso],NotesIndiv[note]),2)&"/20") -> 14,5/20 | K10: =IF(ISNA(_xlfn.XLOOKUP(_xlfn.CONCAT($B$1," - ",$A10),NotesIndiv[N° perso],NotesIndiv[Prénom])),"",_xlfn.XLOOKUP(_xlfn.CONCAT($B$1," - ",$A10),NotesIndiv[N° perso],NotesIndiv[Abs])&"H") -> 3,5H | AE10: =IF(ISNA(_xlfn.XLOOKUP(_xlfn.CONCAT('FEUILLE RECAP'!$B$1," - ",'FEUILLE RECAP'!$A10),NotesIndiv[N° perso],NotesIndiv[TOTAL])),"",_xlfn.XLOOKUP(_xlfn.CONCAT('FEUILLE RECAP'!$B$1," - ",'FEUILLE RECAP'!$A10),NotesIndiv[N° perso],NotesIndiv[TOTAL])) -> 0.725 | AF10: =IF(ISNA(_xlfn.XLOOKUP(_xlfn.CONCAT('FEUILLE RECAP'!$B$1," - ",'FEUILLE RECAP'!$A10),NotesIndiv[N° perso],NotesIndiv[TOTAL])),"",_xlfn.XLOOKUP(_xlfn.CONCAT('FEUILLE RECAP'!$B$1," - ",'FEUILLE RECAP'!$A10),NotesIndiv[N° perso],NotesIndiv[Reste])) -> 0.275
A11: 5 | E11: =IF(ISNA(_xlfn.XLOOKUP(_xlfn.CONCAT($B$1," - ",$A11),NotesIndiv[N° perso],NotesIndiv[NOM])),"",_xlfn.XLOOKUP(_xlfn.CONCAT($B$1," - ",$A11),NotesIndiv[N° perso],NotesIndiv[NOM])) -> NGU. | F11: =IF(ISNA(_xlfn.XLOOKUP(_xlfn.CONCAT($B$1," - ",$A11),NotesIndiv[N° perso],NotesIndiv[Prénom])),"",_xlfn.XLOOKUP(_xlfn.CONCAT($B$1," - ",$A11),NotesIndiv[N° perso],NotesIndiv[Prénom])) -> Nga | G11: =IF(ISNA(_xlfn.XLOOKUP(_xlfn.CONCAT($B$1," - ",$A11),NotesIndiv[N° perso],NotesIndiv[note])),"",ROUND(_xlfn.XLOOKUP(_xlfn.CONCAT($B$1," - ",$A11),NotesIndiv[N° perso],NotesIndiv[note]),2)&"/20") -> 16/20 | K11: =IF(ISNA(_xlfn.XLOOKUP(_xlfn.CONCAT($B$1," - ",$A11),NotesIndiv[N° perso],NotesIndiv[Prénom])),"",_xlfn.XLOOKUP(_xlfn.CONCAT($B$1," - ",$A11),NotesIndiv[N° perso],NotesIndiv[Abs])&"H") -> H | AE11: =IF(ISNA(_xlfn.XLOOKUP(_xlfn.CONCAT('FEUILLE RECAP'!$B$1," - ",'FEUILLE RECAP'!$A11),NotesIndiv[N° perso],NotesIndiv[TOTAL])),"",_xlfn.XLOOKUP(_xlfn.CONCAT('FEUILLE RECAP'!$B$1," - ",'FEUILLE RECAP'!$A11),NotesIndiv[N° perso],NotesIndiv[TOTAL])) -> 0.8 | AF11: =IF(ISNA(_xlfn.XLOOKUP(_xlfn.CONCAT('FEUILLE RECAP'!$B$1," - ",'FEUILLE RECAP'!$A11),NotesIndiv[N° perso],NotesIndiv[TOTAL])),"",_xlfn.XLOOKUP(_xlfn.CONCAT('FEUILLE RECAP'!$B$1," - ",'FEUILLE RECAP'!$A11),NotesIndiv[N° perso],NotesIndiv[Reste])) -> 0.2
D13: NOTE EQUIPE | F13: =UPPER("Présentation") -> PRÉSENTATION | G13: =UPPER("Clareté") -> CLARETÉ | H13: =UPPER("Fond") -> FOND | I13: NOTE GLOBALE INDIVIDUELLE | AE13: Note | AF13: Reste | AG13: Note max | AH13: Note/Note Max | AI13: Note %
D14: =IF(ISNA(_xlfn.XLOOKUP($B$1,NotesEQ[N°],NotesEQ[NOTE GLOBALE])),"",ROUND(_xlfn.XLOOKUP($B$1,NotesEQ[N°],NotesEQ[NOTE GLOBALE]),1)&"/20") -> 2,3/20 | F14: =IF(ISNA(_xlfn.XLOOKUP($B$1,NotesEQ[N°],NotesEQ[Présentation])),"",_xlfn.XLOOKUP($B$1,NotesEQ[N°],NotesEQ[Présentation])) -> 0 | G14: =IF(ISNA(_xlfn.XLOOKUP($B$1,NotesEQ[N°],NotesEQ[Présentation])),"",_xlfn.XLOOKUP($B$1,NotesEQ[N°],NotesEQ[Clareté])) -> 0 | H14: =IF(ISNA(_xlfn.XLOOKUP($B$1,NotesEQ[N°],NotesEQ[Présentation])),"",_xlfn.XLOOKUP($B$1,NotesEQ[N°],NotesEQ[Fond])) -> 0 | I14: =IF(ISNA(_xlfn.XLOOKUP(_xlfn.CONCAT($B$1," - ",$A7),NotesIndiv[N° perso],NotesIndiv[NOM])),"",_xlfn.XLOOKUP(_xlfn.CONCAT($B$1," - ",$A7),NotesIndiv[N° perso],NotesIndiv[NOM])&" "&_xlfn.XLOOKUP(_xlfn.CONCAT($B$1," - ",$A7),NotesIndiv[N° perso],NotesIndiv[Prénom])) -> BEZ. Louis | K14: =IF(ISNA(_xlfn.XLOOKUP(_xlfn.CONCAT($B$1," - ",$A7),NotesIndiv[N° perso],NotesIndiv[note])),"",ROUND(_xlfn.XLOOKUP(_xlfn.CONCAT($B$1," - ",$A7),NotesIndiv[N° perso],NotesIndiv[NOTE PONDEREE]),1)&"/20") -> 6,3/20 | AC14: =ROW() -> 14 | AD14: Métier | AE14: {=_xlfn.XLOOKUP('FEUILLE RECAP'!$B$1,NotesEQ[N°],INDIRECT(AL14))} -> 4.5 | AF14: =AG14-AE14 -> 0.5 | AG14: {=TRANSPOSE(NOTESEQUIP!K2:AK2)} -> 5 | AH14: =_xlfn.CONCAT(AE14,"/",AG14) -> 4,5/5 | AI14: =AE14/AG14 -> 0.9 | AL14: ="NotesEQ["&AD14&"]" -> NotesEQ[Métier]
F15: =IF(ISNA(_xlfn.XLOOKUP($B$1,NotesEQ[N°],NotesEQ[Présentation])),"",REPT("«",_xlfn.XLOOKUP($B$1,NotesEQ[N°],NotesEQ[Présentation]))) | G15: =IF(ISNA(_xlfn.XLOOKUP($B$1,NotesEQ[N°],NotesEQ[Présentation])),"",REPT("«",_xlfn.XLOOKUP($B$1,NotesEQ[N°],NotesEQ[Clareté]))) | H15: =IF(ISNA(_xlfn.XLOOKUP($B$1,NotesEQ[N°],NotesEQ[Présentation])),"",REPT("«",_xlfn.XLOOKUP($B$1,NotesEQ[N°],NotesEQ[Fond]))) | I15: =IF(ISNA(_xlfn.XLOOKUP(_xlfn.CONCAT($B$1," - ",$A8),NotesIndiv[N° perso],NotesIndiv[NOM])),"",_xlfn.XLOOKUP(_xlfn.CONCAT($B$1," - ",$A8),NotesIndiv[N° perso],NotesIndiv[NOM])&" "&_xlfn.XLOOKUP(_xlfn.CONCAT($B$1," - ",$A8),NotesIndiv[N° perso],NotesIndiv[Prénom])) -> CHA. Margot | K15: =IF(ISNA(_xlfn.XLOOKUP(_xlfn.CONCAT($B$1," - ",$A8),NotesIndiv[N° perso],NotesIndiv[note])),"",ROUND(_xlfn.XLOOKUP(_xlfn.CONCAT($B$1," - ",$A8),NotesIndiv[N° perso],NotesIndiv[NOTE PONDEREE]),1)&"/20") -> 6,8/20 | AC15: =ROW() -> 15 | AD15: Motivations | AE15: {=_xlfn.XLOOKUP('FEUILLE RECAP'!$B$1,NotesEQ[N°],INDIRECT(AL15))} -> 4.5 | AF15: =AG15-AE15 -> 0.5 | AG15: 5 | AH15: =_xlfn.CONCAT(AE15,"/",AG15) -> 4,5/5 | AI15: =AE15/AG15 -> 0.9 | AL15: ="NotesEQ["&AD15&"]" -> NotesEQ[Motivations]
D16: CLASSEMENT EQUIPE | F16: NOTE GLOBAL DOCUMENT | I16: =IF(ISNA(_xlfn.XLOOKUP(_xlfn.CONCAT($B$1," - ",$A9),NotesIndiv[N° perso],NotesIndiv[NOM])),"",_xlfn.XLOOKUP(_xlfn.CONCAT($B$1," - ",$A9),NotesIndiv[N° perso],NotesIndiv[NOM])&" "&_xlfn.XLOOKUP(_xlfn.CONCAT($B$1," - ",$A9),NotesIndiv[N° perso],NotesIndiv[Prénom])) -> M’B. Aissata Hawa | K16: =IF(ISNA(_xlfn.XLOOKUP(_xlfn.CONCAT($B$1," - ",$A9),NotesIndiv[N° perso],NotesIndiv[note])),"",ROUND(_xlfn.XLOOKUP(_xlfn.CONCAT($B$1," - ",$A9),NotesIndiv[N° perso],NotesIndiv[NOTE PONDEREE]),1)&"/20") -> 5,5/20 | AC16: =ROW() -> 16 | AD16: Moyens | AE16: {=_xlfn.XLOOKUP('FEUILLE RECAP'!$B$1,NotesEQ[N°],INDIRECT(AL16))} -> 4.5 | AF16: =AG16-AE16 -> 0.5 | AG16: 5 | AH16: =_xlfn.CONCAT(AE16,"/",AG16) -> 4,5/5 | AI16: =AE16/AG16 -> 0.9 | AJ16: =SUM(AE14:AE16)&"/"&SUM(AG14:AG16) -> 13,5/15 | AK16: =AJ16 -> 13,5/15 | AL16: ="NotesEQ["&AD16&"]" -> NotesEQ[Moyens]
D17: =IF(ISNA(_xlfn.XLOOKUP($B$1,NotesEQ[N°],NotesEQ[Rang])),"",_xlfn.XLOOKUP($B$1,NotesEQ[N°],NotesEQ[Rang])&"/15") -> 12/15 | G17: =IF(ISNA(_xlfn.XLOOKUP($B$1,NotesEQ[N°],NotesEQ[Présentation])),"",AVERAGE(_xlfn.XLOOKUP($B$1,NotesEQ[N°],NotesEQ[Présentation]),_xlfn.XLOOKUP($B$1,NotesEQ[N°],NotesEQ[Clareté]),_xlfn.XLOOKUP($B$1,NotesEQ[N°],NotesEQ[Fond]))) -> #DIV/0! | I17: =IF(ISNA(_xlfn.XLOOKUP(_xlfn.CONCAT($B$1," - ",$A10),NotesIndiv[N° perso],NotesIndiv[NOM])),"",_xlfn.XLOOKUP(_xlfn.CONCAT($B$1," - ",$A10),NotesIndiv[N° perso],NotesIndiv[NOM])&" "&_xlfn.XLOOKUP(_xlfn.CONCAT($B$1," - ",$A10),NotesIndiv[N° perso],NotesIndiv[Prénom])) -> MAD. Coraelle | K17: =IF(ISNA(_xlfn.XLOOKUP(_xlfn.CONCAT($B$1," - ",$A10),NotesIndiv[N° perso],NotesIndiv[note])),"",ROUND(_xlfn.XLOOKUP(_xlfn.CONCAT($B$1," - ",$A10),NotesIndiv[N° perso],NotesIndiv[NOTE PONDEREE]),1)&"/20") -> 6,3/20 | AC17: =ROW() -> 17 | AD17: Marché | AE17: {=_xlfn.XLOOKUP('FEUILLE RECAP'!$B$1,NotesEQ[N°],INDIRECT(AL17))} -> 4.5 | AF17: =AG17-AE17 -> 5.5 | AG17: 10 | AH17: =_xlfn.CONCAT(AE17,"/",AG17) -> 4,5/10 | AI17: =AE17/AG17 -> 0.45 | AL17: ="NotesEQ["&AD17&"]" -> NotesEQ[Marché]
G18: =IF(ISNA(_xlfn.XLOOKUP($B$1,NotesEQ[N°],NotesEQ[Présentation])),"",REPT("«",AVERAGE(_xlfn.XLOOKUP($B$1,NotesEQ[N°],NotesEQ[Présentation]),_xlfn.XLOOKUP($B$1,NotesEQ[N°],NotesEQ[Clareté]),_xlfn.XLOOKUP($B$1,NotesEQ[N°],NotesEQ[Fond])))) -> #DIV/0! | I18: =IF(ISNA(_xlfn.XLOOKUP(_xlfn.CONCAT($B$1," - ",$A11),NotesIndiv[N° perso],NotesIndiv[NOM])),"",_xlfn.XLOOKUP(_xlfn.CONCAT($B$1," - ",$A11),NotesIndiv[N° perso],NotesIndiv[NOM])&" "&_xlfn.XLOOKUP(_xlfn.CONCAT($B$1," - ",$A11),NotesIndiv[N° perso],NotesIndiv[Prénom])) -> NGU. Nga | K18: =IF(ISNA(_xlfn.XLOOKUP(_xlfn.CONCAT($B$1," - ",$A11),NotesIndiv[N° perso],NotesIndiv[note])),"",ROUND(_xlfn.XLOOKUP(_xlfn.CONCAT($B$1," - ",$A11),NotesIndiv[N° perso],NotesIndiv[NOTE PONDEREE]),1)&"/20") -> 6,8/20 | AC18: =ROW() -> 18 | AD18: Zoom | AE18: {=_xlfn.XLOOKUP('FEUILLE RECAP'!$B$1,NotesEQ[N°],INDIRECT(AL18))} -> 4.5 | AF18: =AG18-AE18 -> 5.5 | AG18: 10 | AH18: =_xlfn.CONCAT(AE18,"/",AG18) -> 4,5/10 | AI18: =AE18/AG18 -> 0.45 | AL18: ="NotesEQ["&AD18&"]" -> NotesEQ[Zoom]
AC19: =ROW() -> 19 | AD19: Pestel | AE19: {=_xlfn.XLOOKUP('FEUILLE RECAP'!$B$1,NotesEQ[N°],INDIRECT(AL19))} -> 4.5 | AF19: =AG19-AE19 -> 5.5 | AG19: 10 | AH19: =_xlfn.CONCAT(AE19,"/",AG19) -> 4,5/10 | AI19: =AE19/AG19 -> 0.45 | AL19: ="NotesEQ["&AD19&"]" -> NotesEQ[Pestel]
D20: DETAIL DES NOTES | AC20: =ROW() -> 20 | AD20: Porter | AE20: {=_xlfn.XLOOKUP('FEUILLE RECAP'!$B$1,NotesEQ[N°],INDIRECT(AL20))} -> 4.5 | AF20: =AG20-AE20 -> 5.5 | AG20: 10 | AH20: =_xlfn.CONCAT(AE20,"/",AG20) -> 4,5/10 | AI20: =AE20/AG20 -> 0.45 | AL20: ="NotesEQ["&AD20&"]" -> NotesEQ[Porter]
AC21: =ROW() -> 21 | AD21: SWOT | AE21: {=_xlfn.XLOOKUP('FEUILLE RECAP'!$B$1,NotesEQ[N°],INDIRECT(AL21))} -> 4.5 | AF21: =AG21-AE21 -> 5.5 | AG21: 10 | AH21: =_xlfn.CONCAT(AE21,"/",AG21) -> 4,5/10 | AI21: =AE21/AG21 -> 0.45 | AJ21: =SUM(AE17:AE21)&"/"&SUM(AG17:AG21) -> 22,5/50 | AL21: ="NotesEQ["&AD21&"]" -> NotesEQ[SWOT]
D22: METIER - MOTIVATIONS - MOYENS | AC22: =ROW() -> 22 | AD22: Quali | AE22: {=_xlfn.XLOOKUP('FEUILLE RECAP'!$B$1,NotesEQ[N°],INDIRECT(AL22))} -> 0 | AF22: =AG22-AE22 -> 10 | AG22: 10 | AH22: =_xlfn.CONCAT(AE22,"/",AG22) -> 0/10 | AI22: =AE22/AG22 -> 0 | AL22: ="NotesEQ["&AD22&"]" -> NotesEQ[Quali]
AC23: =ROW() -> 23 | AD23: Quanti | AE23: {=_xlfn.XLOOKUP('FEUILLE RECAP'!$B$1,NotesEQ[N°],INDIRECT(AL23))} -> 0 | AF23: =AG23-AE23 -> 10 | AG23: 10 | AH23: =_xlfn.CONCAT(AE23,"/",AG23) -> 0/10 | AI23: =AE23/AG23 -> 0 | AL23: ="NotesEQ["&AD23&"]" -> NotesEQ[Quanti]
AC24: =ROW() -> 24 | AD24: Persona | AE24: {=_xlfn.XLOOKUP('FEUILLE RECAP'!$B$1,NotesEQ[N°],INDIRECT(AL24))} -> 0 | AF24: =AG24-AE24 -> 10 | AG24: 10 | AH24: =_xlfn.CONCAT(AE24,"/",AG24) -> 0/10 | AI24: =AE24/AG24 -> 0 | AJ24: =SUM(AE22:AE24)&"/"&SUM(AG22:AG24) -> 0/30 | AL24: ="NotesEQ["&AD24&"]" -> NotesEQ[Persona]
D25: =UPPER('FEUILLE RECAP'!AD17) -> MARCHÉ | AC25: =ROW() -> 25 | AD25: Concurrence | AE25: {=_xlfn.XLOOKUP('FEUILLE RECAP'!$B$1,NotesEQ[N°],INDIRECT(AL25))} -> 0 | AF25: =AG25-AE25 -> 30 | AG25: 30 | AH25: =_xlfn.CONCAT(AE25,"/",AG25) -> 0/30 | AI25: =AE25/AG25 -> 0 | AJ25: =AH25 -> 0/30 | AK25: =SUM(AE17:AE25)&"/"&SUM(AG17:AG25) -> 22,5/110 | AL25: ="NotesEQ["&AD25&"]" -> NotesEQ[Concurrence]
AC26: =ROW() -> 26 | AD26: Proposition de valeur | AE26: {=_xlfn.XLOOKUP('FEUILLE RECAP'!$B$1,NotesEQ[N°],INDIRECT(AL26))} -> 0 | AF26: =AG26-AE26 -> 10 | AG26: 10 | AH26: =_xlfn.CONCAT(AE26,"/",AG26) -> 0/10 | AI26: =AE26/AG26 -> 0 | AL26: ="NotesEQ["&AD26&"]" -> NotesEQ[Proposition de valeur]
AC27: =ROW() -> 27 | AD27: Architecture de l’offre | AE27: {=_xlfn.XLOOKUP('FEUILLE RECAP'!$B$1,NotesEQ[N°],INDIRECT(AL27))} -> 0 | AF27: =AG27-AE27 -> 10 | AG27: 10 | AH27: =_xlfn.CONCAT(AE27,"/",AG27) -> 0/10 | AI27: =AE27/AG27 -> 0 | AL27: ="NotesEQ["&AD27&"]" -> NotesEQ[Architecture de l’offre]
D28: =UPPER("clients") -> CLIENTS | AC28: =ROW() -> 28 | AD28: Modèle Eco | AE28: {=_xlfn.XLOOKUP('FEUILLE RECAP'!$B$1,NotesEQ[N°],INDIRECT(AL28))} -> 0 | AF28: =AG28-AE28 -> 10 | AG28: 10 | AH28: =_xlfn.CONCAT(AE28,"/",AG28) -> 0/10 | AI28: =AE28/AG28 -> 0 | AL28: ="NotesEQ["&AD28&"]" -> NotesEQ[Modèle Eco]
AC29: =ROW() -> 29 | AD29: Accès marché | AE29: {=_xlfn.XLOOKUP('FEUILLE RECAP'!$B$1,NotesEQ[N°],INDIRECT(AL29))} -> 0 | AF29: =AG29-AE29 -> 10 | AG29: 10 | AH29: =_xlfn.CONCAT(AE29,"/",AG29) -> 0/10 | AI29: =AE29/AG29 -> 0 | AJ29: =SUM(AE26:AE29)&"/"&SUM(AG26:AG29) -> 0/40 | AK29: =AJ29 -> 0/40 | AL29: ="NotesEQ["&AD29&"]" -> NotesEQ[Accès marché]
AC30: =ROW() -> 30 | AD30: PAC | AE30: {=_xlfn.XLOOKUP('FEUILLE RECAP'!$B$1,NotesEQ[N°],INDIRECT(AL30))} -> 0 | AF30: =AG30-AE30 -> 10 | AG30: 10 | AH30: =_xlfn.CONCAT(AE30,"/",AG30) -> 0/10 | AI30: =AE30/AG30 -> 0 | AL30: ="NotesEQ["&AD30&"]" -> NotesEQ[PAC ]
D31: =UPPER("concurrents") -> CONCURRENTS | AC31: =ROW() -> 31 | AD31: PAM | AE31: {=_xlfn.XLOOKUP('FEUILLE RECAP'!$B$1,NotesEQ[N°],INDIRECT(AL31))} -> 0 | AF31: =AG31-AE31 -> 10 | AG31: 10 | AH31: =_xlfn.CONCAT(AE31,"/",AG31) -> 0/10 | AI31: =AE31/AG31 -> 0 | AJ31: =SUM(AE30:AE31)&"/"&SUM(AG30:AG31) -> 0/20 | AL31: ="NotesEQ["&AD31&"]" -> NotesEQ[PAM]
AC32: =ROW() -> 32 | AD32: Logo | AE32: {=_xlfn.XLOOKUP('FEUILLE RECAP'!$B$1,NotesEQ[N°],INDIRECT(AL32))} -> 0 | AF32: =AG32-AE32 -> 10 | AG32: 10 | AH32: =_xlfn.CONCAT(AE32,"/",AG32) -> 0/10 | AI32: =AE32/AG32 -> 0 | AL32: ="NotesEQ["&AD32&"]" -> NotesEQ[Logo]
AC33: =ROW() -> 33 | AD33: Charte | AE33: {=_xlfn.XLOOKUP('FEUILLE RECAP'!$B$1,NotesEQ[N°],INDIRECT(AL33))} -> 0 | AF33: =AG33-AE33 -> 10 | AG33: 10 | AH33: =_xlfn.CONCAT(AE33,"/",AG33) -> 0/10 | AI33: =AE33/AG33 -> 0 | AL33: ="NotesEQ["&AD33&"]" -> NotesEQ[Charte]
D34: =UPPER('FEUILLE RECAP'!AD26) -> PROPOSITION DE VALEUR | AC34: =ROW() -> 34 | AD34: Site | AE34: {=_xlfn.XLOOKUP('FEUILLE RECAP'!$B$1,NotesEQ[N°],INDIRECT(AL34))} -> 0 | AF34: =AG34-AE34 -> 10 | AG34: 10 | AH34: =_xlfn.CONCAT(AE34,"/",AG34) -> 0/10 | AI34: =AE34/AG34 -> 0 | AL34: ="NotesEQ["&AD34&"]" -> NotesEQ[Site]
AC35: =ROW() -> 35 | AD35: RS | AE35: {=_xlfn.XLOOKUP('FEUILLE RECAP'!$B$1,NotesEQ[N°],INDIRECT(AL35))} -> 0 | AF35: =AG35-AE35 -> 10 | AG35: 10 | AH35: =_xlfn.CONCAT(AE35,"/",AG35) -> 0/10 | AI35: =AE35/AG35 -> 0 | AL35: ="NotesEQ["&AD35&"]" -> NotesEQ[RS]
AC36: =ROW() -> 36 | AD36: PLV | AE36: {=_xlfn.XLOOKUP('FEUILLE RECAP'!$B$1,NotesEQ[N°],INDIRECT(AL36))} -> 0 | AF36: =AG36-AE36 -> 10 | AG36: 10 | AH36: =_xlfn.CONCAT(AE36,"/",AG36) -> 0/10 | AI36: =AE36/AG36 -> 0 | AL36: ="NotesEQ["&AD36&"]" -> NotesEQ[PLV]
D37: =UPPER("Plan d'action Commercial & marketing") -> PLAN D'ACTION COMMERCIAL & MARKETING | AC37: =ROW() -> 37 | AD37: Plan média | AE37: {=_xlfn.XLOOKUP('FEUILLE RECAP'!$B$1,NotesEQ[N°],INDIRECT(AL37))} -> 0 | AF37: =AG37-AE37 -> 10 | AG37: 10 | AH37: =_xlfn.CONCAT(AE37,"/",AG37) -> 0/10 | AI37: =AE37/AG37 -> 0 | AJ37: =SUM(AE32:AE37)&"/"&SUM(AG32:AG37) -> 0/60 | AK37: =SUM(AE30:AE37)&"/"&SUM(AG30:AG37) -> 0/80 | AL37: ="NotesEQ["&AD37&"]" -> NotesEQ[Plan média]
AC38: =ROW() -> 38 | AD38: RCA | AE38: {=_xlfn.XLOOKUP('FEUILLE RECAP'!$B$1,NotesEQ[N°],INDIRECT(AL38))} -> 0 | AF38: =AG38-AE38 -> 20 | AG38: 20 | AH38: =_xlfn.CONCAT(AE38,"/",AG38) -> 0/20 | AI38: =AE38/AG38 -> 0 | AJ38: =AH38 -> 0/20 | AK38: =AJ38 -> 0/20 | AL38: ="NotesEQ["&AD38&"]" -> NotesEQ[RCA]
AC39: =ROW() -> 39 | AD39: Vidéo | AE39: {=_xlfn.XLOOKUP('FEUILLE RECAP'!$B$1,NotesEQ[N°],INDIRECT(AL39))} -> 0 | AF39: =AG39-AE39 -> 20 | AG39: 20 | AH39: =_xlfn.CONCAT(AE39,"/",AG39) -> 0/20 | AI39: =AE39/AG39 -> 0 | AL39: ="NotesEQ["&AD39&"]" -> NotesEQ[Vidéo]
D40: =UPPER("Marketing Opérationnel") -> MARKETING OPÉRATIONNEL | AC40: =ROW() -> 40 | AD40: PPTX | AE40: {=_xlfn.XLOOKUP('FEUILLE RECAP'!$B$1,NotesEQ[N°],INDIRECT(AL40))} -> 0 | AF40: =AG40-AE40 -> 20 | AG40: 20 | AH40: =_xlfn.CONCAT(AE40,"/",AG40) -> 0/20 | AI40: =AE40/AG40 -> 0 | AJ40: =SUM(AE39:AE40)&"/"&SUM(AG39:AG40) -> 0/40 | AK40: =AJ40 -> 0/40 | AL40: ="NotesEQ["&AD40&"]" -> NotesEQ[PPTX]
AD41: =_xlfn.XLOOKUP('FEUILLE RECAP'!$B$1,Comment!B3:B18,Comment!D3:D18) -> 0
D43: =UPPER("concurrents") -> CONCURRENTS
D46: =UPPER("Plan d'action Commercial & marketing") -> PLAN D'ACTION COMMERCIAL & MARKETING
D50: COMMENTAIRES
D51: =AD41 -> 0

Sheet NOTESEQUIP
AL1: =SUM(K2:AK2,H2:J2)/20 -> 16 | AM1: =SUM(K2:AH2,H2:J2)/20 -> 13 | AN1: =SUM(K2:V2,H2:J2)/20 -> 7 | AO1: =SUM(W2:AH2,AJ2:AK2,H2:J2)/20 -> 8.75
H2: 5 | I2: 5 | J2: 5 | K2: 5 | L2: 5 | M2: 5 | N2: 10 | O2: 10 | P2: 10 | Q2: 10 | R2: 10 | S2: 10 | T2: 10 | U2: 10 | V2: 30 | W2: 10 | X2: 10 | Y2: 10 | Z2: 10 | AA2: 10 | AB2: 10 | AC2: 10 | AD2: 10 | AE2: 10 | AF2: 10 | AG2: 10 | AH2: 10 | AI2: 20 | AJ2: 20 | AK2: 20 | AL2: =SUM(K2:AK2,H2:J2)/AL1 -> 20 | AM2: =SUM(K2:AH2,H2:J2)/$AM$1 -> 20 | AN2: =SUM(K2:V2,H2:J2)/$AN$1 -> 20 | AO2: =SUM(W2:AH2,AJ2:AK2,H2:J2)/$AO$1 -> 20 | AP2: 20
B3: N° | C3: EQUIPE | D3: 10-nov | E3: 31-déc | F3: 31-janv | G3: 10-févr | H3: Présentation | I3: Clareté | J3: Fond | K3: Métier | L3: Motivations | M3: Moyens | N3: Marché | O3: Zoom | P3: Pestel | Q3: Porter | R3: SWOT | S3: Quali | T3: Quanti | U3: Persona | V3: Concurrence | W3: Proposition de valeur | X3: Architecture de l’offre | Y3: Modèle Eco | Z3: Accès marché | AA3: PAC | AB3: PAM | AC3: Logo | AD3: Charte | AE3: Site | AF3: RS | AG3: PLV | AH3: Plan média | AI3: RCA | AJ3: Vidéo | AK3: PPTX | AL3: NOTE GLOBALE | AM3: BP | AN3: ANALYSE DU MARCHÉ | AO3: PLAN MARKETING | AP3: FINANCES | AQ3: Rang
B4: 1 | C4: =UPPER(_xlfn.XLOOKUP(NotesEQ[[#This Row],[N°]],NotesIndiv[EQUIPE],NotesIndiv[NOM2])) -> AIDE PIT’CHOU | D4: OK | H4: 3 | I4: 3 | K4: 3.5 | L4: 3.5 | M4: 3.5 | N4: 7 | O4: 6.5 | P4: 6.5 | Q4: 6.5 | R4: 7 | AL4: =SUM(NotesEQ[[#This Row],[Métier]:[PPTX]],NotesEQ[[#This Row],[Présentation]:[Fond]])/$AL$1 -> 3.125 | AM4: =SUM(NotesEQ[[#This Row],[Métier]:[Plan média]],NotesEQ[[#This Row],[Présentation]:[Fond]])/$AM$1 -> 3.8461538 | AN4: =SUM(NotesEQ[[#This Row],[Métier]:[Concurrence]],NotesEQ[[#This Row],[Présentation]:[Fond]])/$AN$1 -> 7.1428571 | AO4: =SUM(W4:AH4,AJ4:AK4,NotesEQ[[#This Row],[Présentation]:[Fond]])/$AO$1 -> 0.68571429 | AP4: =NotesEQ[[#This Row],[RCA]] -> 0 | AQ4: =RANK(NotesEQ[[#This Row],[NOTE GLOBALE]],NotesEQ[NOTE GLOBALE],0) -> 9
B5: 2 | C5: =UPPER(_xlfn.XLOOKUP(NotesEQ[[#This Row],[N°]],NotesIndiv[EQUIPE],NotesIndiv[NOM2])) -> SECURE BOARD | D5: OK | H5: 2 | I5: 3 | J5: 3 | K5: 4 | L5: 4 | M5: 4 | N5: 5 | O5: 7 | P5: 5 | Q5: 6 | R5: 7 | AL5: =SUM(NotesEQ[[#This Row],[Métier]:[PPTX]],NotesEQ[[#This Row],[Présentation]:[Fond]])/$AL$1 -> 3.125 | AM5: =SUM(NotesEQ[[#This Row],[Métier]:[Plan média]],NotesEQ[[#This Row],[Présentation]:[Fond]])/$AM$1 -> 3.8461538 | AN5: =SUM(NotesEQ[[#This Row],[Métier]:[Concurrence]],NotesEQ[[#This Row],[Présentation]:[Fond]])/$AN$1 -> 7.1428571 | AO5: =SUM(W5:AH5,AJ5:AK5,NotesEQ[[#This Row],[Présentation]:[Fond]])/$AO$1 -> 0.91428571 | AP5: =NotesEQ[[#This Row],[RCA]] -> 0 | AQ5: =RANK(NotesEQ[[#This Row],[NOTE GLOBALE]],NotesEQ[NOTE GLOBALE],0) -> 9
B6: 3 | C6: =UPPER(_xlfn.XLOOKUP(NotesEQ[[#This Row],[N°]],NotesIndiv[EQUIPE],NotesIndiv[NOM2])) -> PARPECO | D6: OK | H6: 3 | I6: 3.5 | J6: 3.5 | K6: 4 | L6: 3.5 | M6: 3 | N6: 6.5 | O6: 7 | P6: 7.5 | Q6: 7 | R6: 6.5 | AL6: =SUM(NotesEQ[[#This Row],[Métier]:[PPTX]],NotesEQ[[#This Row],[Présentation]:[Fond]])/$AL$1 -> 3.4375 | AM6: =SUM(NotesEQ[[#This Row],[Métier]:[Plan média]],NotesEQ[[#This Row],[Présentation]:[Fond]])/$AM$1 -> 4.2307692 | AN6: =SUM(NotesEQ[[#This Row],[Métier]:[Concurrence]],NotesEQ[[#This Row],[Présentation]:[Fond]])/$AN$1 -> 7.8571429 | AO6: =SUM(W6:AH6,AJ6:AK6,NotesEQ[[#This Row],[Présentation]:[Fond]])/$AO$1 -> 1.1428571 | AP6: =NotesEQ[[#This Row],[RCA]] -> 0 | AQ6: =RANK(NotesEQ[[#This Row],[NOTE GLOBALE]],NotesEQ[NOTE GLOBALE],0) -> 5
B7: 4 | C7: =UPPER(_xlfn.XLOOKUP(NotesEQ[[#This Row],[N°]],NotesIndiv[EQUIPE],NotesIndiv[NOM2])) -> SWITCH-SHIRT | D7: OK | H7: 3 | I7: 3.5 | J7: 4 | K7: 3.5 | L7: 3 | M7: 3 | N7: 7.5 | O7: 6 | P7: 6.5 | Q7: 6 | R7: 6.5 | AL7: =SUM(NotesEQ[[#This Row],[Métier]:[PPTX]],NotesEQ[[#This Row],[Présentation]:[Fond]])/$AL$1 -> 3.28125 | AM7: =SUM(NotesEQ[[#This Row],[Métier]:[Plan média]],NotesEQ[[#This Row],[Présentation]:[Fond]])/$AM$1 -> 4.0384615 | AN7: =SUM(NotesEQ[[#This Row],[Métier]:[Concurrence]],NotesEQ[[#This Row],[Présentation]:[Fond]])/$AN$1 -> 7.5 | AO7: =SUM(W7:AH7,AJ7:AK7,NotesEQ[[#This Row],[Présentation]:[Fond]])/$AO$1 -> 1.2 | AP7: =NotesEQ[[#This Row],[RCA]] -> 0 | AQ7: =RANK(NotesEQ[[#This Row],[NOTE GLOBALE]],NotesEQ[NOTE GLOBALE],0) -> 7
B8: 5 | C8: =UPPER(_xlfn.XLOOKUP(NotesEQ[[#This Row],[N°]],NotesIndiv[EQUIPE],NotesIndiv[NOM2])) -> PET PEETCH | D8: OK | H8: 4 | I8: 4 | J8: 3 | K8: 4.5 | L8: 4 | M8: 4 | N8: 3 | O8: 8 | P8: 7 | Q8: 3 | R8: 6.5 | AL8: =SUM(NotesEQ[[#This Row],[Métier]:[PPTX]],NotesEQ[[#This Row],[Présentation]:[Fond]])/$AL$1 -> 3.1875 | AM8: =SUM(NotesEQ[[#This Row],[Métier]:[Plan média]],NotesEQ[[#This Row],[Présentation]:[Fond]])/$AM$1 -> 3.9230769 | AN8: =SUM(NotesEQ[[#This Row],[Métier]:[Concurrence]],NotesEQ[[#This Row],[Présentation]:[Fond]])/$AN$1 -> 7.2857143 | AO8: =SUM(W8:AH8,AJ8:AK8,NotesEQ[[#This Row],[Présentation]:[Fond]])/$AO$1 -> 1.2571429 | AP8: =NotesEQ[[#This Row],[RCA]] -> 0 | AQ8: =RANK(NotesEQ[[#This Row],[NOTE GLOBALE]],NotesEQ[NOTE GLOBALE],0) -> 8
B9: 6 | C9: =UPPER(_xlfn.XLOOKUP(NotesEQ[[#This Row],[N°]],NotesIndiv[EQUIPE],NotesIndiv[NOM2])) -> DISNOV | D9: OK | H9: 4 | I9: 4 | J9: 4 | K9: 4.5 | L9: 4 | M9: 4.5 | N9: 8 | O9: 6.5 | P9: 7 | Q9: 7.5 | R9: 7.5 | AL9: =SUM(NotesEQ[[#This Row],[Métier]:[PPTX]],NotesEQ[[#This Row],[Présentation]:[Fond]])/$AL$1 -> 3.84375 | AM9: =SUM(NotesEQ[[#This Row],[Métier]:[Plan média]],NotesEQ[[#This Row],[Présentation]:[Fond]])/$AM$1 -> 4.7307692 | AN9: =SUM(NotesEQ[[#This Row],[Métier]:[Concurrence]],NotesEQ[[#This Row],[Présentation]:[Fond]])/$AN$1 -> 8.7857143 | AO9: =SUM(W9:AH9,AJ9:AK9,NotesEQ[[#This Row],[Présentation]:[Fond]])/$AO$1 -> 1.3714286 | AP9: =NotesEQ[[#This Row],[RCA]] -> 0 | AQ9: =RANK(NotesEQ[[#This Row],[NOTE GLOBALE]],NotesEQ[NOTE GLOBALE],0) -> 2
B10: 7 | C10: =UPPER(_xlfn.XLOOKUP(NotesEQ[[#This Row],[N°]],NotesIndiv[EQUIPE],NotesIndiv[NOM2])) -> SYSTÈME SUN | D10: NOK | K10: 4.5 | L10: 4.5 | M10: 4.5 | N10: 4.5 | O10: 4.5 | P10: 4.5 | Q10: 4.5 | R10: 4.5 | AL10: =SUM(NotesEQ[[#This Row],[Métier]:[PPTX]],NotesEQ[[#This Row],[Présentation]:[Fond]])/$AL$1 -> 2.25 | AM10: =SUM(NotesEQ[[#This Row],[Métier]:[Plan média]],NotesEQ[[#This Row],[Présentation]:[Fond]])/$AM$1 -> 2.7692308 | AN10: =SUM(NotesEQ[[#This Row],[Métier]:[Concurrence]],NotesEQ[[#This Row],[Présentation]:[Fond]])/$AN$1 -> 5.1428571 | AO10: =SUM(W10:AH10,AJ10:AK10,NotesEQ[[#This Row],[Présentation]:[Fond]])/$AO$1 -> 0 | AP10: =NotesEQ[[#This Row],[RCA]] -> 0 | AQ10: =RANK(NotesEQ[[#This Row],[NOTE GLOBALE]],NotesEQ[NOTE GLOBALE],0) -> 12
B11: 8 | C11: =UPPER(_xlfn.XLOOKUP(NotesEQ[[#This Row],[N°]],NotesIndiv[EQUIPE],NotesIndiv[NOM2])) -> HOMA | D11: OK | H11: 3.5 | I11: 3 | J11: 2 | K11: 3 | L11: 0 | M11: 3 | N11: 0 | O11: 6 | P11: 4 | Q11: 3 | R11: 7 | AL11: =SUM(NotesEQ[[#This Row],[Métier]:[PPTX]],NotesEQ[[#This Row],[Présentation]:[Fond]])/$AL$1 -> 2.15625 | AM11: =SUM(NotesEQ[[#This Row],[Métier]:[Plan média]],NotesEQ[[#This Row],[Présentation]:[Fond]])/$AM$1 -> 2.6538462 | AN11: =SUM(NotesEQ[[#This Row],[Métier]:[Concurrence]],NotesEQ[[#This Row],[Présentation]:[Fond]])/$AN$1 -> 4.9285714 | AO11: =SUM(W11:AH11,AJ11:AK11,NotesEQ[[#This Row],[Présentation]:[Fond]])/$AO$1 -> 0.97142857 | AP11: =NotesEQ[[#This Row],[RCA]] -> 0 | AQ11: =RANK(NotesEQ[[#This Row],[NOTE GLOBALE]],NotesEQ[NOTE GLOBALE],0) -> 13
B12: 9 | C12: =UPPER(_xlfn.XLOOKUP(NotesEQ[[#This Row],[N°]],NotesIndiv[EQUIPE],NotesIndiv[NOM2])) -> POLVISION | D12: NOK | AL12: =SUM(NotesEQ[[#This Row],[Métier]:[PPTX]],NotesEQ[[#This Row],[Présentation]:[Fond]])/$AL$1 -> 0 | AM12: =SUM(NotesEQ[[#This Row],[Métier]:[Plan média]],NotesEQ[[#This Row],[Présentation]:[Fond]])/$AM$1 -> 0 | AN12: =SUM(NotesEQ[[#This Row],[Métier]:[Concurrence]],NotesEQ[[#This Row],[Présentation]:[Fond]])/$AN$1 -> 0 | AO12: =SUM(W12:AH12,AJ12:AK12,NotesEQ[[#This Row],[Présentation]:[Fond]])/$AO$1 -> 0 | AP12: =NotesEQ[[#This Row],[RCA]] -> 0 | AQ12: =RANK(NotesEQ[[#This Row],[NOTE GLOBALE]],NotesEQ[NOTE GLOBALE],0) -> 16
B13: 10 | C13: =UPPER(_xlfn.XLOOKUP(NotesEQ[[#This Row],[N°]],NotesIndiv[EQUIPE],NotesIndiv[NOM2])) -> BIO CHEWING-GUMS | D13: OK | H13: 3.5 | I13: 4 | J13: 4 | K13: 2.5 | L13: 4 | M13: 3 | N13: 8 | O13: 8 | P13: 6 | Q13: 6.5 | R13: 7 | AL13: =SUM(NotesEQ[[#This Row],[Métier]:[PPTX]],NotesEQ[[#This Row],[Présentation]:[Fond]])/$AL$1 -> 3.53125 | AM13: =SUM(NotesEQ[[#This Row],[Métier]:[Plan média]],NotesEQ[[#This Row],[Présentation]:[Fond]])/$AM$1 -> 4.3461538 | AN13: =SUM(NotesEQ[[#This Row],[Métier]:[Concurrence]],NotesEQ[[#This Row],[Présentation]:[Fond]])/$AN$1 -> 8.0714286 | AO13: =SUM(W13:AH13,AJ13:AK13,NotesEQ[[#This Row],[Présentation]:[Fond]])/$AO$1 -> 1.3142857 | AP13: =NotesEQ[[#This Row],[RCA]] -> 0 | AQ13: =RANK(NotesEQ[[#This Row],[NOTE GLOBALE]],NotesEQ[NOTE GLOBALE],0) -> 4
B14: 11 | C14: =UPPER(_xlfn.XLOOKUP(NotesEQ[[#This Row],[N°]],NotesIndiv[EQUIPE],NotesIndiv[NOM2])) -> EKO | D14: OK | H14: 4 | I14: 4 | J14: 4 | K14: 4.5 | L14: 4 | M14: 4 | N14: 8 | O14: 8 | P14: 7.5 | Q14: 7.5 | R14: 8 | AL14: =SUM(NotesEQ[[#This Row],[Métier]:[PPTX]],NotesEQ[[#This Row],[Présentation]:[Fond]])/$AL$1 -> 3.96875 | AM14: =SUM(NotesEQ[[#This Row],[Métier]:[Plan média]],NotesEQ[[#This Row],[Présentation]:[Fond]])/$AM$1 -> 4.8846154 | AN14: =SUM(NotesEQ[[#This Row],[Métier]:[Concurrence]],NotesEQ[[#This Row],[Présentation]:[Fond]])/$AN$1 -> 9.0714286 | AO14: =SUM(W14:AH14,AJ14:AK14,NotesEQ[[#This Row],[Présentation]:[Fond]])/$AO$1 -> 1.3714286 | AP14: =NotesEQ[[#This Row],[RCA]] -> 0 | AQ14: =RANK(NotesEQ[[#This Row],[NOTE GLOBALE]],NotesEQ[NOTE GLOBALE],0) -> 1
B15: 12 | C15: =UPPER(_xlfn.XLOOKUP(NotesEQ[[#This Row],[N°]],NotesIndiv[EQUIPE],NotesIndiv[NOM2])) -> REGL’O | D15: OK | H15: 4 | I15: 3.5 | J15: 4 | K15: 4.5 | L15: 4 | M15: 4 | N15: 6.5 | O15: 5 | P15: 7.5 | Q15: 6 | R15: 6 | AL15: =SUM(NotesEQ[[#This Row],[Métier]:[PPTX]],NotesEQ[[#This Row],[Présentation]:[Fond]])/$AL$1 -> 3.4375 | AM15: =SUM(NotesEQ[[#This Row],[Métier]:[Plan média]],NotesEQ[[#This Row],[Présentation]:[Fond]])/$AM$1 -> 4.2307692 | AN15: =SUM(NotesEQ[[#This Row],[Métier]:[Concurrence]],NotesEQ[[#This Row],[Présentation]:[Fond]])/$AN$1 -> 7.8571429 | AO15: =SUM(W15:AH15,AJ15:AK15,NotesEQ[[#This Row],[Présentation]:[Fond]])/$AO$1 -> 1.3142857 | AP15: =NotesEQ[[#This Row],[RCA]] -> 0 | AQ15: =RANK(NotesEQ[[#This Row],[NOTE GLOBALE]],NotesEQ[NOTE GLOBALE],0) -> 5
B16: 13 | C16: =UPPER(_xlfn.XLOOKUP(NotesEQ[[#This Row],[N°]],NotesIndiv[EQUIPE],NotesIndiv[NOM2])) -> BIOCAF | D16: OK | H16: 4 | I16: 3.5 | J16: 3.5 | K16: 3.5 | L16: 3 | M16: 3 | N16: 7 | O16: 4 | P16: 6 | Q16: 6 | R16: 6.5 | AL16: =SUM(NotesEQ[[#This Row],[Métier]:[PPTX]],NotesEQ[[#This Row],[Présentation]:[Fond]])/$AL$1 -> 3.125 | AM16: =SUM(NotesEQ[[#This Row],[Métier]:[Plan média]],NotesEQ[[#This Row],[Présentation]:[Fond]])/$AM$1 -> 3.8461538 | AN16: =SUM(NotesEQ[[#This Row],[Métier]:[Concurrence]],NotesEQ[[#This Row],[Présentation]:[Fond]])/$AN$1 -> 7.1428571 | AO16: =SUM(W16:AH16,AJ16:AK16,NotesEQ[[#This Row],[Présentation]:[Fond]])/$AO$1 -> 1.2571429 | AP16: =NotesEQ[[#This Row],[RCA]] -> 0 | AQ16: =RANK(NotesEQ[[#This Row],[NOTE GLOBALE]],NotesEQ[NOTE GLOBALE],0) -> 9
B17: 14 | C17: =UPPER(_xlfn.XLOOKUP(NotesEQ[[#This Row],[N°]],NotesIndiv[EQUIPE],NotesIndiv[NOM2])) -> GREEN’TECH | D17: OK | H17: 4 | I17: 4 | J17: 4.5 | K17: 4.5 | L17: 4 | M17: 3 | N17: 7 | O17: 8 | P17: 7 | Q17: 6 | R17: 6 | AL17: =SUM(NotesEQ[[#This Row],[Métier]:[PPTX]],NotesEQ[[#This Row],[Présentation]:[Fond]])/$AL$1 -> 3.625 | AM17: =SUM(NotesEQ[[#This Row],[Métier]:[Plan média]],NotesEQ[[#This Row],[Présentation]:[Fond]])/$AM$1 -> 4.4615385 | AN17: =SUM(NotesEQ[[#This Row],[Métier]:[Concurrence]],NotesEQ[[#This Row],[Présentation]:[Fond]])/$AN$1 -> 8.2857143 | AO17: =SUM(W17:AH17,AJ17:AK17,NotesEQ[[#This Row],[Présentation]:[Fond]])/$AO$1 -> 1.4285714 | AP17: =NotesEQ[[#This Row],[RCA]] -> 0 | AQ17: =RANK(NotesEQ[[#This Row],[NOTE GLOBALE]],NotesEQ[NOTE GLOBALE],0) -> 3
B18: 15 | C18: =UPPER(_xlfn.XLOOKUP(NotesEQ[[#This Row],[N°]],NotesIndiv[EQUIPE],NotesIndiv[NOM2])) -> JEU TSA | D18: OK | H18: 2.5 | I18: 3 | J18: 3 | K18: 3 | L18: 3 | M18: 3 | N18: 5 | O18: 7 | P18: 0 | Q18: 0 | R18: 0 | AL18: =SUM(NotesEQ[[#This Row],[Métier]:[PPTX]],NotesEQ[[#This Row],[Présentation]:[Fond]])/$AL$1 -> 1.84375 | AM18: =SUM(NotesEQ[[#This Row],[Métier]:[Plan média]],NotesEQ[[#This Row],[Présentation]:[Fond]])/$AM$1 -> 2.2692308 | AN18: =SUM(NotesEQ[[#This Row],[Métier]:[Concurrence]],NotesEQ[[#This Row],[Présentation]:[Fond]])/$AN$1 -> 4.2142857 | AO18: =SUM(W18:AH18,AJ18:AK18,NotesEQ[[#This Row],[Présentation]:[Fond]])/$AO$1 -> 0.97142857 | AP18: =NotesEQ[[#This Row],[RCA]] -> 0 | AQ18: =RANK(NotesEQ[[#This Row],[NOTE GLOBALE]],NotesEQ[NOTE GLOBALE],0) -> 14
B19: 16 | C19: =UPPER(_xlfn.XLOOKUP(NotesEQ[[#This Row],[N°]],NotesIndiv[EQUIPE],NotesIndiv[NOM2])) -> SKICO | D19: OK | H19: 3.5 | I19: 2.5 | J19: 2 | K19: 2.5 | L19: 3 | M19: 3 | N19: 0 | O19: 1 | P19: 3 | Q19: 2 | R19: 0 | AL19: =SUM(NotesEQ[[#This Row],[Métier]:[PPTX]],NotesEQ[[#This Row],[Présentation]:[Fond]])/$AL$1 -> 1.40625 | AM19: =SUM(NotesEQ[[#This Row],[Métier]:[Plan média]],NotesEQ[[#This Row],[Présentation]:[Fond]])/$AM$1 -> 1.7307692 | AN19: =SUM(NotesEQ[[#This Row],[Métier]:[Concurrence]],NotesEQ[[#This Row],[Présentation]:[Fond]])/$AN$1 -> 3.2142857 | AO19: =SUM(W19:AH19,AJ19:AK19,NotesEQ[[#This Row],[Présentation]:[Fond]])/$AO$1 -> 0.91428571 | AP19: =NotesEQ[[#This Row],[RCA]] -> 0 | AQ19: =RANK(NotesEQ[[#This Row],[NOTE GLOBALE]],NotesEQ[NOTE GLOBALE],0) -> 15

Sheet NOTESINDIV
P2: 5 | Q2: 5 | R2: 10
B3: N° perso | C3: NOM | D3: Prénom | E3: EQUIPE | F3: NOM2 | G3: 10-nov | H3: Abs | I3: Né(e) le | J3: N° APP | K3: Age | L3: Sexe | M3: Classe | N3: JOUR MOIS | O3: MOIS | P3: travail en autonomie et assiduité | Q3: Profil entrepreunarial | R3: participation | S3: TOTAL | T3: Reste | U3: note | V3: NOTE GLOBALE | W3: NOTE PONDEREE
B4: =_xlfn.CONCAT(NotesIndiv[[#This Row],[EQUIPE]]," - ",NotesIndiv[[#This Row],[N° APP]]) -> 1 - 1 | C4: ABD. | D4: Manel | E4: 1 | F4: AIDE PIT’CHOU | G4: OK | H4: 7 | J4: 1 | P4: 2.5 | Q4: 3 | R4: 8 | S4: =SUM(NotesIndiv[[#This Row],[travail en autonomie et assiduité ]:[participation]])/20 -> 0.675 | T4: =1-NotesIndiv[[#This Row],[TOTAL]] -> 0.325 | U4: =SUM(NotesIndiv[[#This Row],[travail en autonomie et assiduité ]:[participation]]) -> 13.5 | V4: =_xlfn.XLOOKUP(NotesIndiv[[#This Row],[EQUIPE]],NotesEQ[N°],NotesEQ[NOTE GLOBALE]) -> 3.125 | W4: =AVERAGE(U4,V4,V4) -> 6.5833333 | Y4: =LEFT(NotesIndiv[[#This Row],[NOM]],3)&"." -> ABD.
B5: =_xlfn.CONCAT(NotesIndiv[[#This Row],[EQUIPE]]," - ",NotesIndiv[[#This Row],[N° APP]]) -> 1 - 2 | C5: ASS. | D5: Manon | E5: 1 | F5: AIDE PIT’CHOU | G5: OK | H5: 7 | J5: 2 | P5: 2.5 | Q5: 3 | R5: 8 | S5: =SUM(NotesIndiv[[#This Row],[travail en autonomie et assiduité ]:[participation]])/20 -> 0.675 | T5: =1-NotesIndiv[[#This Row],[TOTAL]] -> 0.325 | U5: =SUM(NotesIndiv[[#This Row],[travail en autonomie et assiduité ]:[participation]]) -> 13.5 | V5: =_xlfn.XLOOKUP(NotesIndiv[[#This Row],[EQUIPE]],NotesEQ[N°],NotesEQ[NOTE GLOBALE]) -> 3.125 | W5: =AVERAGE(U5,V5,V5) -> 6.5833333 | Y5: =LEFT(NotesIndiv[[#This Row],[NOM]],3)&"." -> ASS.
B6: =_xlfn.CONCAT(NotesIndiv[[#This Row],[EQUIPE]]," - ",NotesIndiv[[#This Row],[N° APP]]) -> 1 - 3 | C6: BAR. | D6: Sarah | E6: 1 | F6: AIDE PIT’CHOU | G6: OK | J6: 3 | P6: 5 | Q6: 3 | R6: 8 | S6: =SUM(NotesIndiv[[#This Row],[travail en autonomie et assiduité ]:[participation]])/20 -> 0.8 | T6: =1-NotesIndiv[[#This Row],[TOTAL]] -> 0.2 | U6: =SUM(NotesIndiv[[#This Row],[travail en autonomie et assiduité ]:[participation]]) -> 16 | V6: =_xlfn.XLOOKUP(NotesIndiv[[#This Row],[EQUIPE]],NotesEQ[N°],NotesEQ[NOTE GLOBALE]) -> 3.125 | W6: =AVERAGE(U6,V6,V6) -> 7.4166667 | Y6: =LEFT(NotesIndiv[[#This Row],[NOM]],3)&"." -> BAR.
B7: =_xlfn.CONCAT(NotesIndiv[[#This Row],[EQUIPE]]," - ",NotesIndiv[[#This Row],[N° APP]]) -> 1 - 4 | C7: BES. | D7: Laetitia | E7: 1 | F7: AIDE PIT’CHOU | G7: OK | J7: 4 | P7: 5 | Q7: 3 | R7: 8 | S7: =SUM(NotesIndiv[[#This Row],[travail en autonomie et assiduité ]:[participation]])/20 -> 0.8 | T7: =1-NotesIndiv[[#This Row],[TOTAL]] -> 0.2 | U7: =SUM(NotesIndiv[[#This Row],[travail en autonomie et assiduité ]:[participation]]) -> 16 | V7: =_xlfn.XLOOKUP(NotesIndiv[[#This Row],[EQUIPE]],NotesEQ[N°],NotesEQ[NOTE GLOBALE]) -> 3.125 | W7: =AVERAGE(U7,V7,V7) -> 7.4166667 | Y7: =LEFT(NotesIndiv[[#This Row],[NOM]],3)&"." -> BES.
B8: =_xlfn.CONCAT(NotesIndiv[[#This Row],[EQUIPE]]," - ",NotesIndiv[[#This Row],[N° APP]]) -> 1 - 5 | C8: DRI. | D8: Adam | E8: 1 | F8: AIDE PIT’CHOU | G8: OK | J8: 5 | P8: 5 | Q8: 3 | R8: 8 | S8: =SUM(NotesIndiv[[#This Row],[travail en autonomie et assiduité ]:[participation]])/20 -> 0.8 | T8: =1-NotesIndiv[[#This Row],[TOTAL]] -> 0.2 | U8: =SUM(NotesIndiv[[#This Row],[travail en autonomie et assiduité ]:[participation]]) -> 16 | V8: =_xlfn.XLOOKUP(NotesIndiv[[#This Row],[EQUIPE]],NotesEQ[N°],NotesEQ[NOTE GLOBALE]) -> 3.125 | W8: =AVERAGE(U8,V8,V8) -> 7.4166667 | Y8: =LEFT(NotesIndiv[[#This Row],[NOM]],3)&"." -> DRI.
B9: =_xlfn.CONCAT(NotesIndiv[[#This Row],[EQUIPE]]," - ",NotesIndiv[[#This Row],[N° APP]]) -> 2 - 1 | C9: BOR. | D9: Jovanni | E9: 2 | F9: SECURE BOARD | G9: OK | J9: 1 | P9: 5 | Q9: 3 | R9: 8 | S9: =SUM(NotesIndiv[[#This Row],[travail en autonomie et assiduité ]:[participation]])/20 -> 0.8 | T9: =1-NotesIndiv[[#This Row],[TOTAL]] -> 0.2 | U9: =SUM(NotesIndiv[[#This Row],[travail en autonomie et assiduité ]:[participation]]) -> 16 | V9: =_xlfn.XLOOKUP(NotesIndiv[[#This Row],[EQUIPE]],NotesEQ[N°],NotesEQ[NOTE GLOBALE]) -> 3.125 | W9: =AVERAGE(U9,V9,V9) -> 7.4166667 | Y9: =LEFT(NotesIndiv[[#This Row],[NOM]],3)&"." -> BOR.
B10: =_xlfn.CONCAT(NotesIndiv[[#This Row],[EQUIPE]]," - ",NotesIndiv[[#This Row],[N° APP]]) -> 2 - 2 | C10: DJE. | D10: Talia | E10: 2 | F10: SECURE BOARD | G10: OK | J10: 2 | P10: 5 | Q10: 3 | R10: 8 | S10: =SUM(NotesIndiv[[#This Row],[travail en autonomie et assiduité ]:[participation]])/20 -> 0.8 | T10: =1-NotesIndiv[[#This Row],[TOTAL]] -> 0.2 | U10: =SUM(NotesIndiv[[#This Row],[travail en autonomie et assiduité ]:[participation]]) -> 16 | V10: =_xlfn.XLOOKUP(NotesIndiv[[#This Row],[EQUIPE]],NotesEQ[N°],NotesEQ[NOTE GLOBALE]) -> 3.125 | W10: =AVERAGE(U10,V10,V10) -> 7.4166667 | Y10: =LEFT(NotesIndiv[[#This Row],[NOM]],3)&"." -> DJE.
B11: =_xlfn.CONCAT(NotesIndiv[[#This Row],[EQUIPE]]," - ",NotesIndiv[[#This Row],[N° APP]]) -> 2 - 3 | C11: KHA. | D11: Wahiba | E11: 2 | F11: SECURE BOARD | G11: OK | J11: 3 | P11: 5 | Q11: 2 | R11: 8 | S11: =SUM(NotesIndiv[[#This Row],[travail en autonomie et assiduité ]:[participation]])/20 -> 0.75 | T11: =1-NotesIndiv[[#This Row],[TOTAL]] -> 0.25 | U11: =SUM(NotesIndiv[[#This Row],[travail en autonomie et assiduité ]:[participation]]) -> 15 | V11: =_xlfn.XLOOKUP(NotesIndiv[[#This Row],[EQUIPE]],NotesEQ[N°],NotesEQ[NOTE GLOBALE]) -> 3.125 | W11: =AVERAGE(U11,V11,V11) -> 7.0833333 | Y11: =LEFT(NotesIndiv[[#This Row],[NOM]],3)&"." -> KHA.
B12: =_xlfn.CONCAT(NotesIndiv[[#This Row],[EQUIPE]]," - ",NotesIndiv[[#This Row],[N° APP]]) -> 2 - 4 | C12: STR. | D12: Sarah | E12: 2 | F12: SECURE BOARD | G12: OK | J12: 4 | P12: 5 | Q12: 3 | R12: 8 | S12: =SUM(NotesIndiv[[#This Row],[travail en autonomie et assiduité ]:[participation]])/20 -> 0.8 | T12: =1-NotesIndiv[[#This Row],[TOTAL]] -> 0.2 | U12: =SUM(NotesIndiv[[#This Row],[travail en autonomie et assiduité ]:[participation]]) -> 16 | V12: =_xlfn.XLOOKUP(NotesIndiv[[#This Row],[EQUIPE]],NotesEQ[N°],NotesEQ[NOTE GLOBALE]) -> 3.125 | W12: =AVERAGE(U12,V12,V12) -> 7.4166667 | Y12: =LEFT(NotesIndiv[[#This Row],[NOM]],3)&"." -> STR.
B13: =_xlfn.CONCAT(NotesIndiv[[#This Row],[EQUIPE]]," - ",NotesIndiv[[#This Row],[N° APP]]) -> 3 - 1 | C13: AVE. | D13: Kilian | E13: 3 | F13: PARPECO | G13: OK | J13: 1 | P13: 5 | Q13: 3 | R13: 8 | S13: =SUM(NotesIndiv[[#This Row],[travail en autonomie et assiduité ]:[participation]])/20 -> 0.8 | T13: =1-NotesIndiv[[#This Row],[TOTAL]] -> 0.2 | U13: =SUM(NotesIndiv[[#This Row],[travail en autonomie et assiduité ]:[participation]]) -> 16 | V13: =_xlfn.XLOOKUP(NotesIndiv[[#This Row],[EQUIPE]],NotesEQ[N°],NotesEQ[NOTE GLOBALE]) -> 3.4375 | W13: =AVERAGE(U13,V13,V13) -> 7.625 | Y13: =LEFT(NotesIndiv[[#This Row],[NOM]],3)&"." -> AVE.
B14: =_xlfn.CONCAT(NotesIndiv[[#This Row],[EQUIPE]]," - ",NotesIndiv[[#This Row],[N° APP]]) -> 3 - 2 | C14: BEN. | D14: Jamila | E14: 3 | F14: PARPECO | G14: OK | J14: 2 | P14: 5 | Q14: 3 | R14: 8 | S14: =SUM(NotesIndiv[[#This Row],[travail en autonomie et assiduité ]:[participation]])/20 -> 0.8 | T14: =1-NotesIndiv[[#This Row],[TOTAL]] -> 0.2 | U14: =SUM(NotesIndiv[[#This Row],[travail en autonomie et assiduité ]:[participation]]) -> 16 | V14: =_xlfn.XLOOKUP(NotesIndiv[[#This Row],[EQUIPE]],NotesEQ[N°],NotesEQ[NOTE GLOBALE]) -> 3.4375 | W14: =AVERAGE(U14,V14,V14) -> 7.625 | Y14: =LEFT(NotesIndiv[[#This Row],[NOM]],3)&"." -> BEN.
B15: =_xlfn.CONCAT(NotesIndiv[[#This Row],[EQUIPE]]," - ",NotesIndiv[[#This Row],[N° APP]]) -> 3 - 3 | C15: DUF. | D15: Audrey | E15: 3 | F15: PARPECO | G15: OK | J15: 3 | P15: 5 | Q15: 3 | R15: 8 | S15: =SUM(NotesIndiv[[#This Row],[travail en autonomie et assiduité ]:[participation]])/20 -> 0.8 | T15: =1-NotesIndiv[[#This Row],[TOTAL]] -> 0.2 | U15: =SUM(NotesIndiv[[#This Row],[travail en autonomie et assiduité ]:[participation]]) -> 16 | V15: =_xlfn.XLOOKUP(NotesIndiv[[#This Row],[EQUIPE]],NotesEQ[N°],NotesEQ[NOTE GLOBALE]) -> 3.4375 | W15: =AVERAGE(U15,V15,V15) -> 7.625 | Y15: =LEFT(NotesIndiv[[#This Row],[NOM]],3)&"." -> DUF.
B16: =_xlfn.CONCAT(NotesIndiv[[#This Row],[EQUIPE]]," - ",NotesIndiv[[#This Row],[N° APP]]) -> 3 - 4 | C16: FER. | D16: Sara | E16: 3 | F16: PARPECO | G16: OK | J16: 4 | P16: 5 | Q16: 3 | R16: 8 | S16: =SUM(NotesIndiv[[#This Row],[travail en autonomie et assiduité ]:[participation]])/20 -> 0.8 | T16: =1-NotesIndiv[[#This Row],[TOTAL]] -> 0.2 | U16: =SUM(NotesIndiv[[#This Row],[travail en autonomie et assiduité ]:[participation]]) -> 16 | V16: =_xlfn.XLOOKUP(NotesIndiv[[#This Row],[EQUIPE]],NotesEQ[N°],NotesEQ[NOTE GLOBALE]) -> 3.4375 | W16: =AVERAGE(U16,V16,V16) -> 7.625 | Y16: =LEFT(NotesIndiv[[#This Row],[NOM]],3)&"." -> FER.
B17: =_xlfn.CONCAT(NotesIndiv[[#This Row],[EQUIPE]]," - ",NotesIndiv[[#This Row],[N° APP]]) -> 3 - 5 | C17: SBA. | D17: Mohamed | E17: 3 | F17: PARPECO | G17: OK | J17: 5 | P17: 5 | Q17: 3 | R17: 8 | S17: =SUM(NotesIndiv[[#This Row],[travail en autonomie et assiduité ]:[participation]])/20 -> 0.8 | T17: =1-NotesIndiv[[#This Row],[TOTAL]] -> 0.2 | U17: =SUM(NotesIndiv[[#This Row],[travail en autonomie et assiduité ]:[participation]]) -> 16 | V17: =_xlfn.XLOOKUP(NotesIndiv[[#This Row],[EQUIPE]],NotesEQ[N°],NotesEQ[NOTE GLOBALE]) -> 3.4375 | W17: =AVERAGE(U17,V17,V17) -> 7.625 | Y17: =LEFT(NotesIndiv[[#This Row],[NOM]],3)&"." -> SBA.
... B30: =_xlfn.CONCAT(NotesIndiv[[#This Row],[EQUIPE]]," - ",NotesIndiv[[#This Row],[N° APP]]) -> 6 - 4 | C30: MAU. | D30: Thomas | E30: 6 | F30: DISNOV | G30: OK | J30: 4 | P30: 5 | Q30: 3 | R30: 8 | S30: =SUM(NotesIndiv[[#This Row],[travail en autonomie et assiduité ]:[participation]])/20 -> 0.8 | T30: =1-NotesIndiv[[#This Row],[TOTAL]] -> 0.2 | U30: =SUM(NotesIndiv[[#This Row],[travail en autonomie et assiduité ]:[participation]]) -> 16 | V30: =_xlfn.XLOOKUP(NotesIndiv[[#This Row],[EQUIPE]],NotesEQ[N°],NotesEQ[NOTE GLOBALE]) -> 3.84375 | W30: =AVERAGE(U30,V30,V30) -> 7.8958333 | Y30: =LEFT(NotesIndiv[[#This Row],[NOM]],3)&"." -> MAU.
B31: =_xlfn.CONCAT(NotesIndiv[[#This Row],[EQUIPE]]," - ",NotesIndiv[[#This Row],[N° APP]]) -> 6 - 5 | C31: POU. | D31: Clémentine | E31: 6 | F31: DISNOV | G31: OK | H31: 3.5 | J31: 5 | P31: 3.5 | Q31: 3 | R31: 8 | S31: =SUM(NotesIndiv[[#This Row],[travail en autonomie et assiduité ]:[participation]])/20 -> 0.725 | T31: =1-NotesIndiv[[#This Row],[TOTAL]] -> 0.275 | U31: =SUM(NotesIndiv[[#This Row],[travail en autonomie et assiduité ]:[participation]]) -> 14.5 | V31: =_xlfn.XLOOKUP(NotesIndiv[[#This Row],[EQUIPE]],NotesEQ[N°],NotesEQ[NOTE GLOBALE]) -> 3.84375 | W31: =AVERAGE(U31,V31,V31) -> 7.3958333 | Y31: =LEFT(NotesIndiv[[#This Row],[NOM]],3)&"." -> POU.
B32: =_xlfn.CONCAT(NotesIndiv[[#This Row],[EQUIPE]]," - ",NotesIndiv[[#This Row],[N° APP]]) -> 7 - 1 | C32: BEZ. | D32: Louis | E32: 7 | F32: Système Sun | G32: NOK | H32: 3.5 | J32: 1 | P32: 3.5 | Q32: 3 | R32: 8 | S32: =SUM(NotesIndiv[[#This Row],[travail en autonomie et assiduité ]:[participation]])/20 -> 0.725 | T32: =1-NotesIndiv[[#This Row],[TOTAL]] -> 0.275 | U32: =SUM(NotesIndiv[[#This Row],[travail en autonomie et assiduité ]:[participation]]) -> 14.5 | V32: =_xlfn.XLOOKUP(NotesIndiv[[#This Row],[EQUIPE]],NotesEQ[N°],NotesEQ[NOTE GLOBALE]) -> 2.25 | W32: =AVERAGE(U32,V32,V32) -> 6.3333333 | Y32: =LEFT(NotesIndiv[[#This Row],[NOM]],3)&"." -> BEZ.
B33: =_xlfn.CONCAT(NotesIndiv[[#This Row],[EQUIPE]]," - ",NotesIndiv[[#This Row],[N° APP]]) -> 7 - 2 | C33: CHA. | D33: Margot | E33: 7 | F33: Système Sun | G33: NOK | J33: 2 | P33: 5 | Q33: 3 | R33: 8 | S33: =SUM(NotesIndiv[[#This Row],[travail en autonomie et assiduité ]:[participation]])/20 -> 0.8 | T33: =1-NotesIndiv[[#This Row],[TOTAL]] -> 0.2 | U33: =SUM(NotesIndiv[[#This Row],[travail en autonomie et assiduité ]:[participation]]) -> 16 | V33: =_xlfn.XLOOKUP(NotesIndiv[[#This Row],[EQUIPE]],NotesEQ[N°],NotesEQ[NOTE GLOBALE]) -> 2.25 | W33: =AVERAGE(U33,V33,V33) -> 6.8333333 | Y33: =LEFT(NotesIndiv[[#This Row],[NOM]],3)&"." -> CHA.
B34: =_xlfn.CONCAT(NotesIndiv[[#This Row],[EQUIPE]]," - ",NotesIndiv[[#This Row],[N° APP]]) -> 7 - 3 | C34: M’B. | D34: Aissata Hawa | E34: 7 | F34: Système Sun | G34: NOK | H34: 14 | J34: 3 | P34: 1 | Q34: 3 | R34: 8 | S34: =SUM(NotesIndiv[[#This Row],[travail en autonomie et assiduité ]:[participation]])/20 -> 0.6 | T34: =1-NotesIndiv[[#This Row],[TOTAL]] -> 0.4 | U34: =SUM(NotesIndiv[[#This Row],[travail en autonomie et assiduité ]:[participation]]) -> 12 | V34: =_xlfn.XLOOKUP(NotesIndiv[[#This Row],[EQUIPE]],NotesEQ[N°],NotesEQ[NOTE GLOBALE]) -> 2.25 | W34: =AVERAGE(U34,V34,V34) -> 5.5 | Y34: =LEFT(NotesIndiv[[#This Row],[NOM]],3)&"." -> M’B.
B35: =_xlfn.CONCAT(NotesIndiv[[#This Row],[EQUIPE]]," - ",NotesIndiv[[#This Row],[N° APP]]) -> 7 - 4 | C35: MAD. | D35: Coraelle | E35: 7 | F35: Système Sun | G35: NOK | H35: 3.5 | J35: 4 | P35: 3.5 | Q35: 3 | R35: 8 | S35: =SUM(NotesIndiv[[#This Row],[travail en autonomie et assiduité ]:[participation]])/20 -> 0.725 | T35: =1-NotesIndiv[[#This Row],[TOTAL]] -> 0.275 | U35: =SUM(NotesIndiv[[#This Row],[travail en autonomie et assiduité ]:[participation]]) -> 14.5 | V35: =_xlfn.XLOOKUP(NotesIndiv[[#This Row],[EQUIPE]],NotesEQ[N°],NotesEQ[NOTE GLOBALE]) -> 2.25 | W35: =AVERAGE(U35,V35,V35) -> 6.3333333 | Y35: =LEFT(NotesIndiv[[#This Row],[NOM]],3)&"." -> MAD.
B36: =_xlfn.CONCAT(NotesIndiv[[#This Row],[EQUIPE]]," - ",NotesIndiv[[#This Row],[N° APP]]) -> 7 - 5 | C36: NGU. | D36: Nga | E36: 7 | F36: Système Sun | G36: NOK | J36: 5 | P36: 5 | Q36: 3 | R36: 8 | S36: =SUM(NotesIndiv[[#This Row],[travail en autonomie et assiduité ]:[participation]])/20 -> 0.8 | T36: =1-NotesIndiv[[#This Row],[TOTAL]] -> 0.2 | U36: =SUM(NotesIndiv[[#This Row],[travail en autonomie et assiduité ]:[participation]]) -> 16 | V36: =_xlfn.XLOOKUP(NotesIndiv[[#This Row],[EQUIPE]],NotesEQ[N°],NotesEQ[NOTE GLOBALE]) -> 2.25 | W36: =AVERAGE(U36,V36,V36) -> 6.8333333 | Y36: =LEFT(NotesIndiv[[#This Row],[NOM]],3)&"." -> NGU.
B37: =_xlfn.CONCAT(NotesIndiv[[#This Row],[EQUIPE]]," - ",NotesIndiv[[#This Row],[N° APP]]) -> 8 - 1 | C37: HAN. | D37: Sabina | E37: 8 | F37: HOMA | G37: OK | H37: 2 | J37: 1 | P37: 4 | Q37: 3 | R37: 8 | S37: =SUM(NotesIndiv[[#This Row],[travail en autonomie et assiduité ]:[participation]])/20 -> 0.75 | T37: =1-NotesIndiv[[#This Row],[TOTAL]] -> 0.25 | U37: =SUM(NotesIndiv[[#This Row],[travail en autonomie et assiduité ]:[participation]]) -> 15 | V37: =_xlfn.XLOOKUP(NotesIndiv[[#This Row],[EQUIPE]],NotesEQ[N°],NotesEQ[NOTE GLOBALE]) -> 2.15625 | W37: =AVERAGE(U37,V37,V37) -> 6.4375 | Y37: =LEFT(NotesIndiv[[#This Row],[NOM]],3)&"." -> HAN.
B38: =_xlfn.CONCAT(NotesIndiv[[#This Row],[EQUIPE]]," - ",NotesIndiv[[#This Row],[N° APP]]) -> 8 - 2 | C38: HUC. | D38: Theo | E38: 8 | F38: HOMA | G38: OK | J38: 2 | P38: 5 | Q38: 3 | R38: 8 | S38: =SUM(NotesIndiv[[#This Row],[travail en autonomie et assiduité ]:[participation]])/20 -> 0.8 | T38: =1-NotesIndiv[[#This Row],[TOTAL]] -> 0.2 | U38: =SUM(NotesIndiv[[#This Row],[travail en autonomie et assiduité ]:[participation]]) -> 16 | V38: =_xlfn.XLOOKUP(NotesIndiv[[#This Row],[EQUIPE]],NotesEQ[N°],NotesEQ[NOTE GLOBALE]) -> 2.15625 | W38: =AVERAGE(U38,V38,V38) -> 6.7708333 | Y38: =LEFT(NotesIndiv[[#This Row],[NOM]],3)&"." -> HUC.
B39: =_xlfn.CONCAT(NotesIndiv[[#This Row],[EQUIPE]]," - ",NotesIndiv[[#This Row],[N° APP]]) -> 8 - 3 | C39: MAN. | D39: Lucie | E39: 8 | F39: HOMA | G39: OK | J39: 3 | P39: 5 | Q39: 3 | R39: 8 | S39: =SUM(NotesIndiv[[#This Row],[travail en autonomie et assiduité ]:[participation]])/20 -> 0.8 | T39: =1-NotesIndiv[[#This Row],[TOTAL]] -> 0.2 | U39: =SUM(NotesIndiv[[#This Row],[travail en autonomie et assiduité ]:[participation]]) -> 16 | V39: =_xlfn.XLOOKUP(NotesIndiv[[#This Row],[EQUIPE]],NotesEQ[N°],NotesEQ[NOTE GLOBALE]) -> 2.15625 | W39: =AVERAGE(U39,V39,V39) -> 6.7708333 | Y39: =LEFT(NotesIndiv[[#This Row],[NOM]],3)&"." -> MAN.
B40: =_xlfn.CONCAT(NotesIndiv[[#This Row],[EQUIPE]]," - ",NotesIndiv[[#This Row],[N° APP]]) -> 8 - 4 | C40: MIC. | D40: Antony | E40: 8 | F40: HOMA | G40: OK | H40: 26.5 | J40: 4 | P40: 5 | Q40: 3 | R40: 8 | S40: =SUM(NotesIndiv[[#This Row],[travail en autonomie et assiduité ]:[participation]])/20 -> 0.8 | T40: =1-NotesIndiv[[#This Row],[TOTAL]] -> 0.2 | U40: =SUM(NotesIndiv[[#This Row],[travail en autonomie et assiduité ]:[participation]]) -> 16 | V40: =_xlfn.XLOOKUP(NotesIndiv[[#This Row],[EQUIPE]],NotesEQ[N°],NotesEQ[NOTE GLOBALE]) -> 2.15625 | W40: =AVERAGE(U40,V40,V40) -> 6.7708333 | Y40: =LEFT(NotesIndiv[[#This Row],[NOM]],3)&"." -> MIC.
B41: =_xlfn.CONCAT(NotesIndiv[[#This Row],[EQUIPE]]," - ",NotesIndiv[[#This Row],[N° APP]]) -> 9 - 1 | C41: AYI. | D41: Akouvi Biliva | E41: 9 | F41: Polvision | G41: NOK | H41: 10.5 | J41: 1 | P41: 2.5 | Q41: 3 | R41: 8 | S41: =SUM(NotesIndiv[[#This Row],[travail en autonomie et assiduité ]:[participation]])/20 -> 0.675 | T41: =1-NotesIndiv[[#This Row],[TOTAL]] -> 0.325 | U41: =SUM(NotesIndiv[[#This Row],[travail en autonomie et assiduité ]:[participation]]) -> 13.5 | V41: =_xlfn.XLOOKUP(NotesIndiv[[#This Row],[EQUIPE]],NotesEQ[N°],NotesEQ[NOTE GLOBALE]) -> 0 | W41: =AVERAGE(U41,V41,V41) -> 4.5 | Y41: =LEFT(NotesIndiv[[#This Row],[NOM]],3)&"." -> AYI.
B42: =_xlfn.CONCAT(NotesIndiv[[#This Row],[EQUIPE]]," - ",NotesIndiv[[#This Row],[N° APP]]) -> 9 - 2 | C42: CHE. | D42: Djalas | E42: 9 | F42: Polvision | G42: NOK | J42: 2 | P42: 5 | Q42: 3 | R42: 8 | S42: =SUM(NotesIndiv[[#This Row],[travail en autonomie et assiduité ]:[participation]])/20 -> 0.8 | T42: =1-NotesIndiv[[#This Row],[TOTAL]] -> 0.2 | U42: =SUM(NotesIndiv[[#This Row],[travail en autonomie et assiduité ]:[participation]]) -> 16 | V42: =_xlfn.XLOOKUP(NotesIndiv[[#This Row],[EQUIPE]],NotesEQ[N°],NotesEQ[NOTE GLOBALE]) -> 0 | W42: =AVERAGE(U42,V42,V42) -> 5.3333333 | Y42: =LEFT(NotesIndiv[[#This Row],[NOM]],3)&"." -> CHE.
B43: =_xlfn.CONCAT(NotesIndiv[[#This Row],[EQUIPE]]," - ",NotesIndiv[[#This Row],[N° APP]]) -> 9 - 3 | C43: KIF. | D43: Laurianne | E43: 9 | F43: Polvision | G43: NOK | J43: 3 | P43: 5 | Q43: 3 | R43: 8 | S43: =SUM(NotesIndiv[[#This Row],[travail en autonomie et assiduité ]:[participation]])/20 -> 0.8 | T43: =1-NotesIndiv[[#This Row],[TOTAL]] -> 0.2 | U43: =SUM(NotesIndiv[[#This Row],[travail en autonomie et assiduité ]:[participation]]) -> 16 | V43: =_xlfn.XLOOKUP(NotesIndiv[[#This Row],[EQUIPE]],NotesEQ[N°],NotesEQ[NOTE GLOBALE]) -> 0 | W43: =AVERAGE(U43,V43,V43) -> 5.3333333 | Y43: =LEFT(NotesIndiv[[#This Row],[NOM]],3)&"." -> KIF.
B44: =_xlfn.CONCAT(NotesIndiv[[#This Row],[EQUIPE]]," - ",NotesIndiv[[#This Row],[N° APP]]) -> 9 - 4 | C44: KLE. | D44: Jonas | E44: 9 | F44: Polvision | G44: NOK | J44: 4 | P44: 5 | Q44: 3 | R44: 8 | S44: =SUM(NotesIndiv[[#This Row],[travail en autonomie et assiduité ]:[participation]])/20 -> 0.8 | T44: =1-NotesIndiv[[#This Row],[TOTAL]] -> 0.2 | U44: =SUM(NotesIndiv[[#This Row],[travail en autonomie et assiduité ]:[participation]]) -> 16 | V44: =_xlfn.XLOOKUP(NotesIndiv[[#This Row],[EQUIPE]],NotesEQ[N°],NotesEQ[NOTE GLOBALE]) -> 0 | W44: =AVERAGE(U44,V44,V44) -> 5.3333333 | Y44: =LEFT(NotesIndiv[[#This Row],[NOM]],3)&"." -> KLE.
B45: =_xlfn.CONCAT(NotesIndiv[[#This Row],[EQUIPE]]," - ",NotesIndiv[[#This Row],[N° APP]]) -> 9 - 5 | C45: TES. | D45: Léo | E45: 9 | F45: Polvision | G45: NOK | J45: 5 | P45: 5 | Q45: 3 | R45: 8 | S45: =SUM(NotesIndiv[[#This Row],[travail en autonomie et assiduité ]:[participation]])/20 -> 0.8 | T45: =1-NotesIndiv[[#This Row],[TOTAL]] -> 0.2 | U45: =SUM(NotesIndiv[[#This Row],[travail en autonomie et assiduité ]:[participation]]) -> 16 | V45: =_xlfn.XLOOKUP(NotesIndiv[[#This Row],[EQUIPE]],NotesEQ[N°],NotesEQ[NOTE GLOBALE]) -> 0 | W45: =AVERAGE(U45,V45,V45) -> 5.3333333 | Y45: =LEFT(NotesIndiv[[#This Row],[NOM]],3)&"." -> TES.
B46: =_xlfn.CONCAT(NotesIndiv[[#This Row],[EQUIPE]]," - ",NotesIndiv[[#This Row],[N° APP]]) -> 10 - 1 | C46: CAC. | D46: Romane | E46: 10 | F46: BIO Chewing-gums | G46: OK | J46: 1 | P46: 5 | Q46: 3 | R46: 8 | S46: =SUM(NotesIndiv[[#This Row],[travail en autonomie et assiduité ]:[participation]])/20 -> 0.8 | T46: =1-NotesIndiv[[#This Row],[TOTAL]] -> 0.2 | U46: =SUM(NotesIndiv[[#This Row],[travail en autonomie et assiduité ]:[participation]]) -> 16 | V46: =_xlfn.XLOOKUP(NotesIndiv[[#This Row],[EQUIPE]],NotesEQ[N°],NotesEQ[NOTE GLOBALE]) -> 3.53125 | W46: =AVERAGE(U46,V46,V46) -> 7.6875 | Y46: =LEFT(NotesIndiv[[#This Row],[NOM]],3)&"." -> CAC.
B47: =_xlfn.CONCAT(NotesIndiv[[#This Row],[EQUIPE]]," - ",NotesIndiv[[#This Row],[N° APP]]) -> 10 - 2 | C47: LAI. | D47: Jovelsy | E47: 10 | F47: BIO Chewing-gums | G47: OK | J47: 2 | P47: 5 | Q47: 3 | R47: 8 | S47: =SUM(NotesIndiv[[#This Row],[travail en autonomie et assiduité ]:[participation]])/20 -> 0.8 | T47: =1-NotesIndiv[[#This Row],[TOTAL]] -> 0.2 | U47: =SUM(NotesIndiv[[#This Row],[travail en autonomie et assiduité ]:[participation]]) -> 16 | V47: =_xlfn.XLOOKUP(NotesIndiv[[#This Row],[EQUIPE]],NotesEQ[N°],NotesEQ[NOTE GLOBALE]) -> 3.53125 | W47: =AVERAGE(U47,V47,V47) -> 7.6875 | Y47: =LEFT(NotesIndiv[[#This Row],[NOM]],3)&"." -> LAI.
B48: =_xlfn.CONCAT(NotesIndiv[[#This Row],[EQUIPE]]," - ",NotesIndiv[[#This Row],[N° APP]]) -> 10 - 3 | C48: LE . | D48: Julia | E48: 10 | F48: BIO Chewing-gums | G48: OK | H48: 3.5 | J48: 3 | P48: 3.5 | Q48: 3 | R48: 8 | S48: =SUM(NotesIndiv[[#This Row],[travail en autonomie et assiduité ]:[participation]])/20 -> 0.725 | T48: =1-NotesIndiv[[#This Row],[TOTAL]] -> 0.275 | U48: =SUM(NotesIndiv[[#This Row],[travail en autonomie et assiduité ]:[participation]]) -> 14.5 | V48: =_xlfn.XLOOKUP(NotesIndiv[[#This Row],[EQUIPE]],NotesEQ[N°],NotesEQ[NOTE GLOBALE]) -> 3.53125 | W48: =AVERAGE(U48,V48,V48) -> 7.1875 | Y48: =LEFT(NotesIndiv[[#This Row],[NOM]],3)&"." -> LE .
B49: =_xlfn.CONCAT(NotesIndiv[[#This Row],[EQUIPE]]," - ",NotesIndiv[[#This Row],[N° APP]]) -> 10 - 4 | C49: PEC. | D49: Cyrielle | E49: 10 | F49: BIO Chewing-gums | G49: OK | J49: 4 | P49: 5 | Q49: 3 | R49: 8 | S49: =SUM(NotesIndiv[[#This Row],[travail en autonomie et assiduité ]:[participation]])/20 -> 0.8 | T49: =1-NotesIndiv[[#This Row],[TOTAL]] -> 0.2 | U49: =SUM(NotesIndiv[[#This Row],[travail en autonomie et assiduité ]:[participation]]) -> 16 | V49: =_xlfn.XLOOKUP(NotesIndiv[[#This Row],[EQUIPE]],NotesEQ[N°],NotesEQ[NOTE GLOBALE]) -> 3.53125 | W49: =AVERAGE(U49,V49,V49) -> 7.6875 | Y49: =LEFT(NotesIndiv[[#This Row],[NOM]],3)&"." -> PEC.
B50: =_xlfn.CONCAT(NotesIndiv[[#This Row],[EQUIPE]]," - ",NotesIndiv[[#This Row],[N° APP]]) -> 10 - 5 | C50: RAM. | D50: Ali | E50: 10 | F50: BIO Chewing-gums | G50: OK | J50: 5 | P50: 5 | Q50: 3 | R50: 8 | S50: =SUM(NotesIndiv[[#This Row],[travail en autonomie et assiduité ]:[participation]])/20 -> 0.8 | T50: =1-NotesIndiv[[#This Row],[TOTAL]] -> 0.2 | U50: =SUM(NotesIndiv[[#This Row],[travail en autonomie et assiduité ]:[participation]]) -> 16 | V50: =_xlfn.XLOOKUP(NotesIndiv[[#This Row],[EQUIPE]],NotesEQ[N°],NotesEQ[NOTE GLOBALE]) -> 3.53125 | W50: =AVERAGE(U50,V50,V50) -> 7.6875 | Y50: =LEFT(NotesIndiv[[#This Row],[NOM]],3)&"." -> RAM.
B51: =_xlfn.CONCAT(NotesIndiv[[#This Row],[EQUIPE]]," - ",NotesIndiv[[#This Row],[N° APP]]) -> 11 - 1 | C51: ABO. | D51: Lyna | E51: 11 | F51: EKO | G51: OK | J51: 1 | P51: 5 | Q51: 3 | R51: 8 | S51: =SUM(NotesIndiv[[#This Row],[travail en autonomie et assiduité ]:[participation]])/20 -> 0.8 | T51: =1-NotesIndiv[[#This Row],[TOTAL]] -> 0.2 | U51: =SUM(NotesIndiv[[#This Row],[travail en autonomie et assiduité ]:[participation]]) -> 16 | V51: =_xlfn.XLOOKUP(NotesIndiv[[#This Row],[EQUIPE]],NotesEQ[N°],NotesEQ[NOTE GLOBALE]) -> 3.96875 | W51: =AVERAGE(U51,V51,V51) -> 7.9791667 | Y51: =LEFT(NotesIndiv[[#This Row],[NOM]],3)&"." -> ABO.
B52: =_xlfn.CONCAT(NotesIndiv[[#This Row],[EQUIPE]]," - ",NotesIndiv[[#This Row],[N° APP]]) -> 11 - 2 | C52: AND. | D52: Claire | E52: 11 | F52: EKO | G52: OK | J52: 2 | P52: 5 | Q52: 3 | R52: 8 | S52: =SUM(NotesIndiv[[#This Row],[travail en autonomie et assiduité ]:[participation]])/20 -> 0.8 | T52: =1-NotesIndiv[[#This Row],[TOTAL]] -> 0.2 | U52: =SUM(NotesIndiv[[#This Row],[travail en autonomie et assiduité ]:[participation]]) -> 16 | V52: =_xlfn.XLOOKUP(NotesIndiv[[#This Row],[EQUIPE]],NotesEQ[N°],NotesEQ[NOTE GLOBALE]) -> 3.96875 | W52: =AVERAGE(U52,V52,V52) -> 7.9791667 | Y52: =LEFT(NotesIndiv[[#This Row],[NOM]],3)&"." -> AND.
B53: =_xlfn.CONCAT(NotesIndiv[[#This Row],[EQUIPE]]," - ",NotesIndiv[[#This Row],[N° APP]]) -> 11 - 3 | C53: MOR. | D53: Elodie | E53: 11 | F53: EKO | G53: OK | H53: 3.5 | J53: 3 | P53: 3.5 | Q53: 3 | R53: 8 | S53: =SUM(NotesIndiv[[#This Row],[travail en autonomie et assiduité ]:[participation]])/20 -> 0.725 | T53: =1-NotesIndiv[[#This Row],[TOTAL]] -> 0.275 | U53: =SUM(NotesIndiv[[#This Row],[travail en autonomie et assiduité ]:[participation]]) -> 14.5 | V53: =_xlfn.XLOOKUP(NotesIndiv[[#This Row],[EQUIPE]],NotesEQ[N°],NotesEQ[NOTE GLOBALE]) -> 3.96875 | W53: =AVERAGE(U53,V53,V53) -> 7.4791667 | Y53: =LEFT(NotesIndiv[[#This Row],[NOM]],3)&"." -> MOR.
B54: =_xlfn.CONCAT(NotesIndiv[[#This Row],[EQUIPE]]," - ",NotesIndiv[[#This Row],[N° APP]]) -> 11 - 4 | C54: NOU. | D54: Jean-Laurent | E54: 11 | F54: EKO | G54: OK | J54: 4 | P54: 5 | Q54: 3 | R54: 8 | S54: =SUM(NotesIndiv[[#This Row],[travail en autonomie et assiduité ]:[participation]])/20 -> 0.8 | T54: =1-NotesIndiv[[#This Row],[TOTAL]] -> 0.2 | U54: =SUM(NotesIndiv[[#This Row],[travail en autonomie et assiduité ]:[participation]]) -> 16 | V54: =_xlfn.XLOOKUP(NotesIndiv[[#This Row],[EQUIPE]],NotesEQ[N°],NotesEQ[NOTE GLOBALE]) -> 3.96875 | W54: =AVERAGE(U54,V54,V54) -> 7.9791667 | Y54: =LEFT(NotesIndiv[[#This Row],[NOM]],3)&"." -> NOU.
B55: =_xlfn.CONCAT(NotesIndiv[[#This Row],[EQUIPE]]," - ",NotesIndiv[[#This Row],[N° APP]]) -> 11 - 5 | C55: SAB. | D55: Lisa | E55: 11 | F55: EKO | G55: OK | J55: 5 | P55: 5 | Q55: 3 | R55: 8 | S55: =SUM(NotesIndiv[[#This Row],[travail en autonomie et assiduité ]:[participation]])/20 -> 0.8 | T55: =1-NotesIndiv[[#This Row],[TOTAL]] -> 0.2 | U55: =SUM(NotesIndiv[[#This Row],[travail en autonomie et assiduité ]:[participation]]) -> 16 | V55: =_xlfn.XLOOKUP(NotesIndiv[[#This Row],[EQUIPE]],NotesEQ[N°],NotesEQ[NOTE GLOBALE]) -> 3.96875 | W55: =AVERAGE(U55,V55,V55) -> 7.9791667 | Y55: =LEFT(NotesIndiv[[#This Row],[NOM]],3)&"." -> SAB.
B56: =_xlfn.CONCAT(NotesIndiv[[#This Row],[EQUIPE]]," - ",NotesIndiv[[#This Row],[N° APP]]) -> 12 - 1 | C56: CAL. | D56: Anna | E56: 12 | F56: REGL’O | G56: NOK | J56: 1 | P56: 5 | Q56: 3 | R56: 8 | S56: =SUM(NotesIndiv[[#This Row],[travail en autonomie et assiduité ]:[participation]])/20 -> 0.8 | T56: =1-NotesIndiv[[#This Row],[TOTAL]] -> 0.2 | U56: =SUM(NotesIndiv[[#This Row],[travail en autonomie et assiduité ]:[participation]]) -> 16 | V56: =_xlfn.XLOOKUP(NotesIndiv[[#This Row],[EQUIPE]],NotesEQ[N°],NotesEQ[NOTE GLOBALE]) -> 3.4375 | W56: =AVERAGE(U56,V56,V56) -> 7.625 | Y56: =LEFT(NotesIndiv[[#This Row],[NOM]],3)&"." -> CAL.
B57: =_xlfn.CONCAT(NotesIndiv[[#This Row],[EQUIPE]]," - ",NotesIndiv[[#This Row],[N° APP]]) -> 12 - 2 | C57: HAM. | D57: Eugénie | E57: 12 | F57: REGL’O | G57: NOK | J57: 2 | P57: 5 | Q57: 3 | R57: 8 | S57: =SUM(NotesIndiv[[#This Row],[travail en autonomie et assiduité ]:[participation]])/20 -> 0.8 | T57: =1-NotesIndiv[[#This Row],[TOTAL]] -> 0.2 | U57: =SUM(NotesIndiv[[#This Row],[travail en autonomie et assiduité ]:[participation]]) -> 16 | V57: =_xlfn.XLOOKUP(NotesIndiv[[#This Row],[EQUIPE]],NotesEQ[N°],NotesEQ[NOTE GLOBALE]) -> 3.4375 | W57: =AVERAGE(U57,V57,V57) -> 7.625 | Y57: =LEFT(NotesIndiv[[#This Row],[NOM]],3)&"." -> HAM.
B58: =_xlfn.CONCAT(NotesIndiv[[#This Row],[EQUIPE]]," - ",NotesIndiv[[#This Row],[N° APP]]) -> 12 - 3 | C58: MEY. | D58: Hugo | E58: 12 | F58: REGL’O | G58: NOK | H58: 7 | J58: 3 | P58: 2.5 | Q58: 2 | R58: 2 | S58: =SUM(NotesIndiv[[#This Row],[travail en autonomie et assiduité ]:[participation]])/20 -> 0.325 | T58: =1-NotesIndiv[[#This Row],[TOTAL]] -> 0.675 | U58: =SUM(NotesIndiv[[#This Row],[travail en autonomie et assiduité ]:[participation]]) -> 6.5 | V58: =_xlfn.XLOOKUP(NotesIndiv[[#This Row],[EQUIPE]],NotesEQ[N°],NotesEQ[NOTE GLOBALE]) -> 3.4375 | W58: =AVERAGE(U58,V58,V58) -> 4.4583333 | Y58: =LEFT(NotesIndiv[[#This Row],[NOM]],3)&"." -> MEY.
B59: =_xlfn.CONCAT(NotesIndiv[[#This Row],[EQUIPE]]," - ",NotesIndiv[[#This Row],[N° APP]]) -> 12 - 4 | C59: MOU. | D59: Hilary | E59: 12 | F59: REGL’O | G59: NOK | J59: 4 | P59: 5 | Q59: 3 | R59: 8 | S59: =SUM(NotesIndiv[[#This Row],[travail en autonomie et assiduité ]:[participation]])/20 -> 0.8 | T59: =1-NotesIndiv[[#This Row],[TOTAL]] -> 0.2 | U59: =SUM(NotesIndiv[[#This Row],[travail en autonomie et assiduité ]:[participation]]) -> 16 | V59: =_xlfn.XLOOKUP(NotesIndiv[[#This Row],[EQUIPE]],NotesEQ[N°],NotesEQ[NOTE GLOBALE]) -> 3.4375 | W59: =AVERAGE(U59,V59,V59) -> 7.625 | Y59: =LEFT(NotesIndiv[[#This Row],[NOM]],3)&"." -> MOU.
B60: =_xlfn.CONCAT(NotesIndiv[[#This Row],[EQUIPE]]," - ",NotesIndiv[[#This Row],[N° APP]]) -> 12 - 5 | C60: REC. | D60: Manon | E60: 12 | F60: REGL’O | G60: NOK | J60: 5 | P60: 5 | Q60: 3 | R60: 8 | S60: =SUM(NotesIndiv[[#This Row],[travail en autonomie et assiduité ]:[participation]])/20 -> 0.8 | T60: =1-NotesIndiv[[#This Row],[TOTAL]] -> 0.2 | U60: =SUM(NotesIndiv[[#This Row],[travail en autonomie et assiduité ]:[participation]]) -> 16 | V60: =_xlfn.XLOOKUP(NotesIndiv[[#This Row],[EQUIPE]],NotesEQ[N°],NotesEQ[NOTE GLOBALE]) -> 3.4375 | W60: =AVERAGE(U60,V60,V60) -> 7.625 | Y60: =LEFT(NotesIndiv[[#This Row],[NOM]],3)&"." -> REC.
B61: =_xlfn.CONCAT(NotesIndiv[[#This Row],[EQUIPE]]," - ",NotesIndiv[[#This Row],[N° APP]]) -> 13 - 1 | C61: HUM. | D61: Alexia | E61: 13 | F61: BIOCAF | G61: OK | J61: 1 | P61: 5 | Q61: 3 | R61: 8 | S61: =SUM(NotesIndiv[[#This Row],[travail en autonomie et assiduité ]:[participation]])/20 -> 0.8 | T61: =1-NotesIndiv[[#This Row],[TOTAL]] -> 0.2 | U61: =SUM(NotesIndiv[[#This Row],[travail en autonomie et assiduité ]:[participation]]) -> 16 | V61: =_xlfn.XLOOKUP(NotesIndiv[[#This Row],[EQUIPE]],NotesEQ[N°],NotesEQ[NOTE GLOBALE]) -> 3.125 | W61: =AVERAGE(U61,V61,V61) -> 7.4166667 | Y61: =LEFT(NotesIndiv[[#This Row],[NOM]],3)&"." -> HUM.
B62: =_xlfn.CONCAT(NotesIndiv[[#This Row],[EQUIPE]]," - ",NotesIndiv[[#This Row],[N° APP]]) -> 13 - 2 | C62: LAM. | D62: Antonin | E62: 13 | F62: BIOCAF | G62: OK | H62: 3.5 | J62: 2 | P62: 3.5 | Q62: 3 | R62: 8 | S62: =SUM(NotesIndiv[[#This Row],[travail en autonomie et assiduité ]:[participation]])/20 -> 0.725 | T62: =1-NotesIndiv[[#This Row],[TOTAL]] -> 0.275 | U62: =SUM(NotesIndiv[[#This Row],[travail en autonomie et assiduité ]:[participation]]) -> 14.5 | V62: =_xlfn.XLOOKUP(NotesIndiv[[#This Row],[EQUIPE]],NotesEQ[N°],NotesEQ[NOTE GLOBALE]) -> 3.125 | W62: =AVERAGE(U62,V62,V62) -> 6.9166667 | Y62: =LEFT(NotesIndiv[[#This Row],[NOM]],3)&"." -> LAM.
B63: =_xlfn.CONCAT(NotesIndiv[[#This Row],[EQUIPE]]," - ",NotesIndiv[[#This Row],[N° APP]]) -> 13 - 3 | C63: SAM. | D63: Aymar | E63: 13 | F63: BIOCAF | G63: OK | H63: 7 | J63: 3 | S63: =SUM(NotesIndiv[[#This Row],[travail en autonomie et assiduité ]:[participation]])/20 -> 0 | T63: =1-NotesIndiv[[#This Row],[TOTAL]] -> 1 | U63: =SUM(NotesIndiv[[#This Row],[travail en autonomie et assiduité ]:[participation]]) -> 0 | V63: =_xlfn.XLOOKUP(NotesIndiv[[#This Row],[EQUIPE]],NotesEQ[N°],NotesEQ[NOTE GLOBALE]) -> 3.125 | W63: =AVERAGE(U63,V63,V63) -> 2.0833333 | Y63: =LEFT(NotesIndiv[[#This Row],[NOM]],3)&"." -> SAM.
B64: =_xlfn.CONCAT(NotesIndiv[[#This Row],[EQUIPE]]," - ",NotesIndiv[[#This Row],[N° APP]]) -> 13 - 4 | C64: TER. | D64: Audrey | E64: 13 | F64: BIOCAF | G64: OK | J64: 4 | P64: 5 | Q64: 3 | R64: 8 | S64: =SUM(NotesIndiv[[#This Row],[travail en autonomie et assiduité ]:[participation]])/20 -> 0.8 | T64: =1-NotesIndiv[[#This Row],[TOTAL]] -> 0.2 | U64: =SUM(NotesIndiv[[#This Row],[travail en autonomie et assiduité ]:[participation]]) -> 16 | V64: =_xlfn.XLOOKUP(NotesIndiv[[#This Row],[EQUIPE]],NotesEQ[N°],NotesEQ[NOTE GLOBALE]) -> 3.125 | W64: =AVERAGE(U64,V64,V64) -> 7.4166667 | Y64: =LEFT(NotesIndiv[[#This Row],[NOM]],3)&"." -> TER.
B65: =_xlfn.CONCAT(NotesIndiv[[#This Row],[EQUIPE]]," - ",NotesIndiv[[#This Row],[N° APP]]) -> 13 - 5 | C65: VEG. | D65: Natalia | E65: 13 | F65: BIOCAF | G65: OK | H65: 10.5 | J65: 5 | P65: 2.5 | Q65: 3 | R65: 8 | S65: =SUM(NotesIndiv[[#This Row],[travail en autonomie et assiduité ]:[participation]])/20 -> 0.675 | T65: =1-NotesIndiv[[#This Row],[TOTAL]] -> 0.325 | U65: =SUM(NotesIndiv[[#This Row],[travail en autonomie et assiduité ]:[participation]]) -> 13.5 | V65: =_xlfn.XLOOKUP(NotesIndiv[[#This Row],[EQUIPE]],NotesEQ[N°],NotesEQ[NOTE GLOBALE]) -> 3.125 | W65: =AVERAGE(U65,V65,V65) -> 6.5833333 | Y65: =LEFT(NotesIndiv[[#This Row],[NOM]],3)&"." -> VEG.
B66: =_xlfn.CONCAT(NotesIndiv[[#This Row],[EQUIPE]]," - ",NotesIndiv[[#This Row],[N° APP]]) -> 14 - 1 | C66: FER. | D66: Léa | E66: 14 | F66: GREEN’TECH | G66: OK | J66: 1 | P66: 5 | Q66: 3 | R66: 8 | S66: =SUM(NotesIndiv[[#This Row],[travail en autonomie et assiduité ]:[participation]])/20 -> 0.8 | T66: =1-NotesIndiv[[#This Row],[TOTAL]] -> 0.2 | U66: =SUM(NotesIndiv[[#This Row],[travail en autonomie et assiduité ]:[participation]]) -> 16 | V66: =_xlfn.XLOOKUP(NotesIndiv[[#This Row],[EQUIPE]],NotesEQ[N°],NotesEQ[NOTE GLOBALE]) -> 3.625 | W66: =AVERAGE(U66,V66,V66) -> 7.75 | Y66: =LEFT(NotesIndiv[[#This Row],[NOM]],3)&"." -> FER.
B67: =_xlfn.CONCAT(NotesIndiv[[#This Row],[EQUIPE]]," - ",NotesIndiv[[#This Row],[N° APP]]) -> 14 - 2 | C67: KRE. | D67: Christophe | E67: 14 | F67: GREEN’TECH | G67: OK | J67: 2 | P67: 5 | Q67: 3 | R67: 8 | S67: =SUM(NotesIndiv[[#This Row],[travail en autonomie et assiduité ]:[participation]])/20 -> 0.8 | T67: =1-NotesIndiv[[#This Row],[TOTAL]] -> 0.2 | U67: =SUM(NotesIndiv[[#This Row],[travail en autonomie et assiduité ]:[participation]]) -> 16 | V67: =_xlfn.XLOOKUP(NotesIndiv[[#This Row],[EQUIPE]],NotesEQ[N°],NotesEQ[NOTE GLOBALE]) -> 3.625 | W67: =AVERAGE(U67,V67,V67) -> 7.75 | Y67: =LEFT(NotesIndiv[[#This Row],[NOM]],3)&"." -> KRE.
B68: =_xlfn.CONCAT(NotesIndiv[[#This Row],[EQUIPE]]," - ",NotesIndiv[[#This Row],[N° APP]]) -> 14 - 3 | C68: SAL. | D68: Nadege | E68: 14 | F68: GREEN’TECH | G68: OK | J68: 3 | P68: 5 | Q68: 3 | R68: 8 | S68: =SUM(NotesIndiv[[#This Row],[travail en autonomie et assiduité ]:[participation]])/20 -> 0.8 | T68: =1-NotesIndiv[[#This Row],[TOTAL]] -> 0.2 | U68: =SUM(NotesIndiv[[#This Row],[travail en autonomie et assiduité ]:[participation]]) -> 16 | V68: =_xlfn.XLOOKUP(NotesIndiv[[#This Row],[EQUIPE]],NotesEQ[N°],NotesEQ[NOTE GLOBALE]) -> 3.625 | W68: =AVERAGE(U68,V68,V68) -> 7.75 | Y68: =LEFT(NotesIndiv[[#This Row],[NOM]],3)&"." -> SAL.
B69: =_xlfn.CONCAT(NotesIndiv[[#This Row],[EQUIPE]]," - ",NotesIndiv[[#This Row],[N° APP]]) -> 14 - 4 | C69: VIG. | D69: Myrine | E69: 14 | F69: GREEN’TECH | G69: OK | H69: 2 | J69: 4 | P69: 4 | Q69: 3 | R69: 8 | S69: =SUM(NotesIndiv[[#This Row],[travail en autonomie et assiduité ]:[participation]])/20 -> 0.75 | T69: =1-NotesIndiv[[#This Row],[TOTAL]] -> 0.25 | U69: =SUM(NotesIndiv[[#This Row],[travail en autonomie et assiduité ]:[participation]]) -> 15 | V69: =_xlfn.XLOOKUP(NotesIndiv[[#This Row],[EQUIPE]],NotesEQ[N°],NotesEQ[NOTE GLOBALE]) -> 3.625 | W69: =AVERAGE(U69,V69,V69) -> 7.4166667 | Y69: =LEFT(NotesIndiv[[#This Row],[NOM]],3)&"." -> VIG.
B70: =_xlfn.CONCAT(NotesIndiv[[#This Row],[EQUIPE]]," - ",NotesIndiv[[#This Row],[N° APP]]) -> 14 - 5 | C70: WAL. | D70: Emily | E70: 14 | F70: GREEN’TECH | G70: OK | J70: 5 | P70: 5 | Q70: 3 | R70: 8 | S70: =SUM(NotesIndiv[[#This Row],[travail en autonomie et assiduité ]:[participation]])/20 -> 0.8 | T70: =1-NotesIndiv[[#This Row],[TOTAL]] -> 0.2 | U70: =SUM(NotesIndiv[[#This Row],[travail en autonomie et assiduité ]:[participation]]) -> 16 | V70: =_xlfn.XLOOKUP(NotesIndiv[[#This Row],[EQUIPE]],NotesEQ[N°],NotesEQ[NOTE GLOBALE]) -> 3.625 | W70: =AVERAGE(U70,V70,V70) -> 7.75 | Y70: =LEFT(NotesIndiv[[#This Row],[NOM]],3)&"." -> WAL.
B71: =_xlfn.CONCAT(NotesIndiv[[#This Row],[EQUIPE]]," - ",NotesIndiv[[#This Row],[N° APP]]) -> 15 - 1 | C71: BOU. | D71: Safae | E71: 15 | F71: Jeu TSA | G71: OK | H71: 10.5 | J71: 1 | P71: 2 | Q71: 3 | R71: 8 | S71: =SUM(NotesIndiv[[#This Row],[travail en autonomie et assiduité ]:[participation]])/20 -> 0.65 | T71: =1-NotesIndiv[[#This Row],[TOTAL]] -> 0.35 | U71: =SUM(NotesIndiv[[#This Row],[travail en autonomie et assiduité ]:[participation]]) -> 13 | V71: =_xlfn.XLOOKUP(NotesIndiv[[#This Row],[EQUIPE]],NotesEQ[N°],NotesEQ[NOTE GLOBALE]) -> 1.84375 | W71: =AVERAGE(U71,V71,V71) -> 5.5625 | Y71: =LEFT(NotesIndiv[[#This Row],[NOM]],3)&"." -> BOU.
B72: =_xlfn.CONCAT(NotesIndiv[[#This Row],[EQUIPE]]," - ",NotesIndiv[[#This Row],[N° APP]]) -> 15 - 2 | C72: COM. | D72: Samira | E72: 15 | F72: Jeu TSA | G72: OK | J72: 2 | P72: 5 | Q72: 3 | R72: 8 | S72: =SUM(NotesIndiv[[#This Row],[travail en autonomie et assiduité ]:[participation]])/20 -> 0.8 | T72: =1-NotesIndiv[[#This Row],[TOTAL]] -> 0.2 | U72: =SUM(NotesIndiv[[#This Row],[travail en autonomie et assiduité ]:[participation]]) -> 16 | V72: =_xlfn.XLOOKUP(NotesIndiv[[#This Row],[EQUIPE]],NotesEQ[N°],NotesEQ[NOTE GLOBALE]) -> 1.84375 | W72: =AVERAGE(U72,V72,V72) -> 6.5625 | Y72: =LEFT(NotesIndiv[[#This Row],[NOM]],3)&"." -> COM.
B73: =_xlfn.CONCAT(NotesIndiv[[#This Row],[EQUIPE]]," - ",NotesIndiv[[#This Row],[N° APP]]) -> 15 - 3 | C73: GAL. | D73: Lucie | E73: 15 | F73: Jeu TSA | G73: OK | J73: 3 | P73: 5 | Q73: 3 | R73: 8 | S73: =SUM(NotesIndiv[[#This Row],[travail en autonomie et assiduité ]:[participation]])/20 -> 0.8 | T73: =1-NotesIndiv[[#This Row],[TOTAL]] -> 0.2 | U73: =SUM(NotesIndiv[[#This Row],[travail en autonomie et assiduité ]:[participation]]) -> 16 | V73: =_xlfn.XLOOKUP(NotesIndiv[[#This Row],[EQUIPE]],NotesEQ[N°],NotesEQ[NOTE GLOBALE]) -> 1.84375 | W73: =AVERAGE(U73,V73,V73) -> 6.5625 | Y73: =LEFT(NotesIndiv[[#This Row],[NOM]],3)&"." -> GAL.
B74: =_xlfn.CONCAT(NotesIndiv[[#This Row],[EQUIPE]]," - ",NotesIndiv[[#This Row],[N° APP]]) -> 15 - 4 | C74: MAR. | D74: Matthieu | E74: 15 | F74: Jeu TSA | G74: OK | J74: 4 | P74: 5 | Q74: 3 | R74: 8 | S74: =SUM(NotesIndiv[[#This Row],[travail en autonomie et assiduité ]:[participation]])/20 -> 0.8 | T74: =1-NotesIndiv[[#This Row],[TOTAL]] -> 0.2 | U74: =SUM(NotesIndiv[[#This Row],[travail en autonomie et assiduité ]:[participation]]) -> 16 | V74: =_xlfn.XLOOKUP(NotesIndiv[[#This Row],[EQUIPE]],NotesEQ[N°],NotesEQ[NOTE GLOBALE]) -> 1.84375 | W74: =AVERAGE(U74,V74,V74) -> 6.5625 | Y74: =LEFT(NotesIndiv[[#This Row],[NOM]],3)&"." -> MAR.
B75: =_xlfn.CONCAT(NotesIndiv[[#This Row],[EQUIPE]]," - ",NotesIndiv[[#This Row],[N° APP]]) -> 15 - 5 | C75: SAF. | D75: Yahya | E75: 15 | F75: Jeu TSA | G75: OK | J75: 5 | P75: 5 | Q75: 3 | R75: 8 | S75: =SUM(NotesIndiv[[#This Row],[travail en autonomie et assiduité ]:[participation]])/20 -> 0.8 | T75: =1-NotesIndiv[[#This Row],[TOTAL]] -> 0.2 | U75: =SUM(NotesIndiv[[#This Row],[travail en autonomie et assiduité ]:[participation]]) -> 16 | V75: =_xlfn.XLOOKUP(NotesIndiv[[#This Row],[EQUIPE]],NotesEQ[N°],NotesEQ[NOTE GLOBALE]) -> 1.84375 | W75: =AVERAGE(U75,V75,V75) -> 6.5625 | Y75: =LEFT(NotesIndiv[[#This Row],[NOM]],3)&"." -> SAF.
B76: =_xlfn.CONCAT(NotesIndiv[[#This Row],[EQUIPE]]," - ",NotesIndiv[[#This Row],[N° APP]]) -> 16 - 1 | C76: BAR. | D76: Samira | E76: 16 | F76: SKICO | G76: OK | J76: 1 | P76: 5 | Q76: 2 | R76: 6 | S76: =SUM(NotesIndiv[[#This Row],[travail en autonomie et assiduité ]:[participation]])/20 -> 0.65 | T76: =1-NotesIndiv[[#This Row],[TOTAL]] -> 0.35 | U76: =SUM(NotesIndiv[[#This Row],[travail en autonomie et assiduité ]:[participation]]) -> 13 | V76: =_xlfn.XLOOKUP(NotesIndiv[[#This Row],[EQUIPE]],NotesEQ[N°],NotesEQ[NOTE GLOBALE]) -> 1.40625 | W76: =AVERAGE(U76,V76,V76) -> 5.2708333 | Y76: =LEFT(NotesIndiv[[#This Row],[NOM]],3)&"." -> BAR.
B77: =_xlfn.CONCAT(NotesIndiv[[#This Row],[EQUIPE]]," - ",NotesIndiv[[#This Row],[N° APP]]) -> 16 - 2 | C77: DAM. | D77: Lelia | E77: 16 | F77: SKICO | G77: OK | H77: 7 | J77: 2 | P77: 2.5 | Q77: 2 | R77: 6 | S77: =SUM(NotesIndiv[[#This Row],[travail en autonomie et assiduité ]:[participation]])/20 -> 0.525 | T77: =1-NotesIndiv[[#This Row],[TOTAL]] -> 0.475 | U77: =SUM(NotesIndiv[[#This Row],[travail en autonomie et assiduité ]:[participation]]) -> 10.5 | V77: =_xlfn.XLOOKUP(NotesIndiv[[#This Row],[EQUIPE]],NotesEQ[N°],NotesEQ[NOTE GLOBALE]) -> 1.40625 | W77: =AVERAGE(U77,V77,V77) -> 4.4375 | Y77: =LEFT(NotesIndiv[[#This Row],[NOM]],3)&"." -> DAM.
B78: =_xlfn.CONCAT(NotesIndiv[[#This Row],[EQUIPE]]," - ",NotesIndiv[[#This Row],[N° APP]]) -> 16 - 3 | C78: ETH. | D78: Sébastien | E78: 16 | F78: SKICO | G78: OK | J78: 3 | P78: 5 | Q78: 2 | R78: 6 | S78: =SUM(NotesIndiv[[#This Row],[travail en autonomie et assiduité ]:[participation]])/20 -> 0.65 | T78: =1-NotesIndiv[[#This Row],[TOTAL]] -> 0.35 | U78: =SUM(NotesIndiv[[#This Row],[travail en autonomie et assiduité ]:[participation]]) -> 13 | V78: =_xlfn.XLOOKUP(NotesIndiv[[#This Row],[EQUIPE]],NotesEQ[N°],NotesEQ[NOTE GLOBALE]) -> 1.40625 | W78: =AVERAGE(U78,V78,V78) -> 5.2708333 | Y78: =LEFT(NotesIndiv[[#This Row],[NOM]],3)&"." -> ETH.
B79: =_xlfn.CONCAT(NotesIndiv[[#This Row],[EQUIPE]]," - ",NotesIndiv[[#This Row],[N° APP]]) -> 16 - 4 | C79: MEN. | D79: Stéphane | E79: 16 | F79: SKICO | G79: OK | J79: 4 | P79: 5 | Q79: 2 | R79: 6 | S79: =SUM(NotesIndiv[[#This Row],[travail en autonomie et assiduité ]:[participation]])/20 -> 0.65 | T79: =1-NotesIndiv[[#This Row],[TOTAL]] -> 0.35 | U79: =SUM(NotesIndiv[[#This Row],[travail en autonomie et assiduité ]:[participation]]) -> 13 | V79: =_xlfn.XLOOKUP(NotesIndiv[[#This Row],[EQUIPE]],NotesEQ[N°],NotesEQ[NOTE GLOBALE]) -> 1.40625 | W79: =AVERAGE(U79,V79,V79) -> 5.2708333 | Y79: =LEFT(NotesIndiv[[#This Row],[NOM]],3)&"." -> MEN.
B80: =_xlfn.CONCAT(NotesIndiv[[#This Row],[EQUIPE]]," - ",NotesIndiv[[#This Row],[N° APP]]) -> 16 - 5 | C80: NOU. | D80: Ambroise | E80: 16 | F80: SKICO | G80: OK | H80: 3.5 | J80: 5 | P80: 3.5 | Q80: 2 | R80: 6 | S80: =SUM(NotesIndiv[[#This Row],[travail en autonomie et assiduité ]:[participation]])/20 -> 0.575 | T80: =1-NotesIndiv[[#This Row],[TOTAL]] -> 0.425 | U80: =SUM(NotesIndiv[[#This Row],[travail en autonomie et assiduité ]:[participation]]) -> 11.5 | V80: =_xlfn.XLOOKUP(NotesIndiv[[#This Row],[EQUIPE]],NotesEQ[N°],NotesEQ[NOTE GLOBALE]) -> 1.40625 | W80: =AVERAGE(U80,V80,V80) -> 4.7708333 | Y80: =LEFT(NotesIndiv[[#This Row],[NOM]],3)&"." -> NOU.

Sheet Comment
B2: N° | C2: EQUIPE | D2: COMMENTAIRES
B3: 1 | C3: =UPPER(_xlfn.XLOOKUP(COMM[[#This Row],[N°]],NotesIndiv[EQUIPE],NotesIndiv[NOM2])) -> AIDE PIT’CHOU | D3: numéroter les pages Attention par moment vos cercles empechent la lecture Vous ne pouvez pas etre en ressource interne et externe Votre entreprise n'a pas de Forces et Faiblesses ?? Etoffer les Zooms ce n'est pas juste vente à … Retravailler le PESTEL autrement qu'en tableau et mettre du gras pour les élements important ou est le lien entre les différents élment et le rapport avec le marché client concurrents PORTER POUVOIR DE NEGOCIATION NON Etoffer la partie OT PErsona à la fin prématuré et non raccordé à la réalité
B4: 2 | C4: =UPPER(_xlfn.XLOOKUP(COMM[[#This Row],[N°]],NotesIndiv[EQUIPE],NotesIndiv[NOM2])) -> SECURE BOARD | D4: Présentation des personnes à revoir (Photo) FORCE(S) attention aux fautes Mettre les sources de manière plus claire Synthèse du marché pas terminée retravailler le PESTEL pas clair + Synthèse Porter à terminer numéroter les slides les dernière slide pas compréhensibles MANQUE LES CIBLES CLIENTS
B5: 3 | C5: =UPPER(_xlfn.XLOOKUP(COMM[[#This Row],[N°]],NotesIndiv[EQUIPE],NotesIndiv[NOM2])) -> PARPECO | D5: Mettre 3 mots clés sur les profil de chacun Manque de niveau de lecture Votre capital est ce que vouos mettez en ressources externes Developper le SW Attention aux police de caractères Police trop grosse Developper les OT
B6: 4 | C6: =UPPER(_xlfn.XLOOKUP(COMM[[#This Row],[N°]],NotesIndiv[EQUIPE],NotesIndiv[NOM2])) -> SWITCH-SHIRT | D6: 2fois culture et valeurs Dans les forces vous parlez de La veste [...] ???? Remplacez les […] par Switch-Shirt et le mettre en gras le LOGO à revoir car non lisible SW n'y a-t-il pas des élément liés à l'entreprise ??? ZOOM revoir les Zooms revoir l'exemple mettre les sources des chiffres avancés Ce grand classique du vestiaire mixte est devenu ces dix dernières années un objet «mode» ... c'était un incoutournable des dressing H/F depuis les années 30 il revient sur le devant de la scene Travailler le PESTEL en litéraire plutot qu'en tableau meilleur lisibilité en reliant les critères exemple Les consommateurs sont désormais tournés vers les produits conçus à partir de matériaux recyclés, recyclables, et éco-responsables (ce qui à des conséquence en R&D... prendrel'exemplede FLOTTE SLIDE ANALYSE DE PORTER AUCUN INTERET sivous mettez un tableau et un detail en dessous le tableaupeutetreen bullet points FCS CIBLES CLIENTS ??
B7: 5 | C7: =UPPER(_xlfn.XLOOKUP(COMM[[#This Row],[N°]],NotesIndiv[EQUIPE],NotesIndiv[NOM2])) -> PET PEETCH | D7: Developper la partie METIER trop light notamment le développement ATTENTION AUX FAUTES Retirer Bloc 3 OU EST LA PARTIE MARCHE ? Mettre le ZOOM puis le marché avec les chiffres et l'evolution le PORTER Pouvoir de négociation ?? Voir Sources et les FCS ?
B8: 6 | C8: =UPPER(_xlfn.XLOOKUP(COMM[[#This Row],[N°]],NotesIndiv[EQUIPE],NotesIndiv[NOM2])) -> DISNOV | D8: Mettre des mots clés pour chacun et du gras pour faire ressortir les qualités Mettre SW avant le marché Revoir le Zoom (exemple dans le cours) Entreprises resistantes au changement. Ne fontpas partie des cibles exclues océan rouge. En effet, il correspond à un espace stratégique non exploité. rouge? Manque la segmentation clients
B9: 7 | C9: =UPPER(_xlfn.XLOOKUP(COMM[[#This Row],[N°]],NotesIndiv[EQUIPE],NotesIndiv[NOM2])) -> SYSTÈME SUN
B10: 8 | C10: =UPPER(_xlfn.XLOOKUP(COMM[[#This Row],[N°]],NotesIndiv[EQUIPE],NotesIndiv[NOM2])) -> HOMA | D10: MOYENS FINANCIERS R-E Soulever des fonds comble un manque dans les ménages qui sont sensible ??? A QUOI ? ATTENTION AUX FAUTES Manque la partie MOTIVATION développer les 3 parties ENTREPRISE SW un peu faible Marché référent -> Marché des pdts LATIN Pas de sources marché retravailler le PESTEL (CHAT GPT pour démarrer) REVOIR LE PORTER Pourquoi utiliser MENACE quand seul le pouvoir de négo est utilisé MANQUE LES CIBLES CLIENTS
B11: 9 | C11: =UPPER(_xlfn.XLOOKUP(COMM[[#This Row],[N°]],NotesIndiv[EQUIPE],NotesIndiv[NOM2])) -> POLVISION
B12: 10 | C12: =UPPER(_xlfn.XLOOKUP(COMM[[#This Row],[N°]],NotesIndiv[EQUIPE],NotesIndiv[NOM2])) -> BIO CHEWING-GUMS | D12: La partie métier est beaucoup trop synthétique Constat Ok Le chewing gum se consomme en été ? Ah bon Attentin aux changement de CAPS culture de l'entreprise est limite Valeurs Forces en Rouge et faiblesses en vert ? Et l'équipe n'a pas de FF ? Zoom 27 remettre dans le bon ordre 35 Quel intéret ?il n'y a pas de CG La France est un pays démocratique et stable, membre de l’Union Européenne et la zone Euro - Oui et ?? PESTEL manque de fond trop scolaire FCS Prix compétitif - prématuré de dire ceci Partie OT faible à étoffer IDEM pour les cibles clients
B13: 11 | C13: =UPPER(_xlfn.XLOOKUP(COMM[[#This Row],[N°]],NotesIndiv[EQUIPE],NotesIndiv[NOM2])) -> EKO | D13: Mettre une page de garde meme provisoire et numéroter les pages 2 pages avec photo uniquement oui et ???? Manque la répartition du capital Inversez les couleurs SW Pas d’offre commerciale structurer -ATTENTION AUX FAUTES Ce qui signifie que les +64ans ainsi que les CSP+ en appartement sont nos cibles principales. Pas forcement
B14: 12 | C14: =UPPER(_xlfn.XLOOKUP(COMM[[#This Row],[N°]],NotesIndiv[EQUIPE],NotesIndiv[NOM2])) -> REGL’O | D14: ATTENTION A mettre les numéros de page Developper les points forts de chacun sur les fiches individuelles Mettre des mots en gras pour une lecture plus simple Développer plus les forces et les faiblesses Zoom marché à revoir en s'inspirant de l'exemple De plus, le marché de la brosse est un marché mature, qui ne... Mettre le lien vers les études Pouvoir de négociation A REVOIR Pas nécessair de reprendre le SW après OT MANQUE LES CIBLES CLIENTS
B15: 13 | C15: =UPPER(_xlfn.XLOOKUP(COMM[[#This Row],[N°]],NotesIndiv[EQUIPE],NotesIndiv[NOM2])) -> BIOCAF | D15: Mettre la photo d'Audrey Attention à mettre toujour la meme police de caractère en meme caps répartition du capital manquant Il n'y a pas de CEO ? SW vous parlez de prix abordable Vous connaissez déjà le prix de fabrication ? Vous ne parlez que du produit et pas de l'entreprise et vous dites que c'est compatible avec tous les type de foyer et de l'autre pas compatible lequel est vrai ? changer de couleur en fonction des Forces et des faiblesses ZOOM marché à refaire Mettre les sources OT tous n'est pas traité + mettre à la fin après l'analyse du marché pertinence Pouvoir de négociation des fournisseurset des clients (revoir le cours)
B16: 14 | C16: =UPPER(_xlfn.XLOOKUP(COMM[[#This Row],[N°]],NotesIndiv[EQUIPE],NotesIndiv[NOM2])) -> GREEN’TECH | D16: Mettre les fonctions de chacun et 3 mots clés Grille d'évaluation ?? Love money ? Montant 50K€ ?? Mauvais calcul OT trop tot puis non expliqués Carte mentale non accessible Pestel mettre en avant les facteurs favorables et défavorables FCS apres le PORTER (Pouvoir de négociation ??) La fin les slides à remettre dans l'ordre
B17: 15 | C17: =UPPER(_xlfn.XLOOKUP(COMM[[#This Row],[N°]],NotesIndiv[EQUIPE],NotesIndiv[NOM2])) -> JEU TSA | D17: Revoir la présentation mais aussi ecrire d'une manière plus dynamique Le concept que nous souhaitons mettre en place est donc de proposer un jeu pour les enfants atteint de TSA -> Nous proposons un jeu à destination des enfant atteint de TSA. Repartition des parts 101% ? Maturité du marché ?? ou est le pestel - le porter - les FCS et les cibles clients ????
B18: 16 | C18: =UPPER(_xlfn.XLOOKUP(COMM[[#This Row],[N°]],NotesIndiv[EQUIPE],NotesIndiv[NOM2])) -> SKICO | D18: ATTENTION A mettre les numéros de page utiliser les meme polices de caractères et la meme manière de mettre les titres Ou est l'executive summary ? Remettre la stratégie de dev au début Production ou commercialisation ? SW fini la partie Entreprise Zoom marché non fait les chiffres du marché ?? PESTEL et PORTER à revoir SWOT ????

Sheet Explications Probleme
C3: METIER - MOTIVATIONS - MOYENS
O17: =RECHERCHEX('FEUILLE RECAP'!$B$1;NotesEQ[N°];INDIRECT(V19))
O18: Note | P18: Reste | Q18: Note max | R18: Note/Note Max | S18: Note % | T18: Tot Notes / TotNoteMax | V18: formule pour INDIRECT
M19: =ROW() -> 19 | N19: Métier | O19: {=_xlfn.XLOOKUP('FEUILLE RECAP'!$B$1,NotesEQ[N°],INDIRECT(V19))} -> 4.5 | P19: =Q19-O19 -> 0.5 | Q19: {=TRANSPOSE(NOTESEQUIP!K2:R2)} -> 5 | R19: =_xlfn.CONCAT(O19,"/",Q19) -> 4,5/5 | S19: =O19/Q19 -> 0.9 | V19: ="NotesEQ["&N19&"]" -> NotesEQ[Métier]
M20: =ROW() -> 20 | N20: Motivations | O20: {=_xlfn.XLOOKUP('FEUILLE RECAP'!$B$1,NotesEQ[N°],INDIRECT(V20))} -> 4.5 | P20: =Q20-O20 -> 0.5 | Q20: 5 | R20: =_xlfn.CONCAT(O20,"/",Q20) -> 4,5/5 | S20: =O20/Q20 -> 0.9 | V20: ="NotesEQ["&N20&"]" -> NotesEQ[Motivations]
M21: =ROW() -> 21 | N21: Moyens | O21: {=_xlfn.XLOOKUP('FEUILLE RECAP'!$B$1,NotesEQ[N°],INDIRECT(V21))} -> 4.5 | P21: =Q21-O21 -> 0.5 | Q21: 5 | R21: =_xlfn.CONCAT(O21,"/",Q21) -> 4,5/5 | S21: =O21/Q21 -> 0.9 | T21: =SUM(O19:O21)&"/"&SUM(Q19:Q21) -> 13,5/15 | U21: =T21 -> 13,5/15 | V21: ="NotesEQ["&N21&"]" -> NotesEQ[Moyens]
M22: =ROW() -> 22 | N22: Marché | O22: {=_xlfn.XLOOKUP('FEUILLE RECAP'!$B$1,NotesEQ[N°],INDIRECT(V22))} -> 4.5 | P22: =Q22-O22 -> 5.5 | Q22: 10 | R22: =_xlfn.CONCAT(O22,"/",Q22) -> 4,5/10 | S22: =O22/Q22 -> 0.45 | V22: ="NotesEQ["&N22&"]" -> NotesEQ[Marché]
M23: =ROW() -> 23 | N23: Zoom | O23: {=_xlfn.XLOOKUP('FEUILLE RECAP'!$B$1,NotesEQ[N°],INDIRECT(V23))} -> 4.5 | P23: =Q23-O23 -> 5.5 | Q23: 10 | R23: =_xlfn.CONCAT(O23,"/",Q23) -> 4,5/10 | S23: =O23/Q23 -> 0.45 | V23: ="NotesEQ["&N23&"]" -> NotesEQ[Zoom]
M24: =ROW() -> 24 | N24: Pestel | O24: {=_xlfn.XLOOKUP('FEUILLE RECAP'!$B$1,NotesEQ[N°],INDIRECT(V24))} -> 4.5 | P24: =Q24-O24 -> 5.5 | Q24: 10 | R24: =_xlfn.CONCAT(O24,"/",Q24) -> 4,5/10 | S24: =O24/Q24 -> 0.45 | V24: ="NotesEQ["&N24&"]" -> NotesEQ[Pestel]
M25: =ROW() -> 25 | N25: Porter | O25: {=_xlfn.XLOOKUP('FEUILLE RECAP'!$B$1,NotesEQ[N°],INDIRECT(V25))} -> 4.5 | P25: =Q25-O25 -> 5.5 | Q25: 10 | R25: =_xlfn.CONCAT(O25,"/",Q25) -> 4,5/10 | S25: =O25/Q25 -> 0.45 | V25: ="NotesEQ["&N25&"]" -> NotesEQ[Porter]
M26: =ROW() -> 26 | N26: SWOT | O26: {=_xlfn.XLOOKUP('FEUILLE RECAP'!$B$1,NotesEQ[N°],INDIRECT(V26))} -> 4.5 | P26: =Q26-O26 -> 5.5 | Q26: 10 | R26: =_xlfn.CONCAT(O26,"/",Q26) -> 4,5/10 | S26: =O26/Q26 -> 0.45 | T26: =SUM(O22:O26)&"/"&SUM(Q22:Q26) -> 22,5/50 | V26: ="NotesEQ["&N26&"]" -> NotesEQ[SWOT]
